 Dungeon Crawl Stone Soup version 0.31-a0-164-g2312942fda (webtiles) character file.

Game seed: 3929864223105861801

477356 qw the Slayer (level 24, -34/171 HPs)
             Began as a Gargoyle Fighter on June 13, 2023.
             Was an Elder of Okawaru.
             Killed from afar by a Hell Sentinel (86 damage)
             ... with an iron shot
             ... summoned by a dread lich
             ... on level 2 of the Realm of Zot.
             The game lasted 00:37:01 (46584 turns).

qw the Slayer (Gargoyle Fighter)                   Turns: 46584, Time: 00:37:02

Health: -34/171    AC: 73    Str: 40    XL:     24   Next: 47%
Magic:  25/30      EV: 17    Int:  4    God:    Okawaru [****..]
Gold:   357        SH: 25    Dex:  7    Spells: 23/23 levels left

rFire   + + .        h - +7 war axe (vamp)
rCold   + . .        F - +2 tower shield
rNeg    + + +        G - +10 crystal plate armour of Inevitability {rN++ Dex-3}
rPois   inf          w - +2 helmet
rElec   +            K - scarf {rC+ rF+}
rCorr   .            t - +2 pair of gloves "Toni" {Will++ Regen+ Str+3 Int-5}
SInv    .            o - +3 pair of boots "Forget-Me-Not" {rN+ Str+3 Stlth+}
Will    +++..        E - amulet of faith Stlth
                     Y - +5 ring of evasion
HPRegen 1.28/turn    R - ring of Bannolil {rPois rF+ Str+4 Int-5 Dex+2}
MPRegen 0.22/turn

%: faith
@: about to teleport, heroic, flying
A: sickness immunity, AC +18, big wings, negative energy resistance 1,
electricity resistance, torment resistance 1, petrification resistance, clever
1, wild magic 1
}: 3/15 runes: serpentine, barnacled, silver
a: Renounce Religion, Heroism, Finesse


You were on level 2 of the Realm of Zot.
You worshipped Okawaru.
Okawaru was greatly pleased with you.
You visited 8 branches of the dungeon, and saw 41 of its levels.
You also visited: Sewer.

You collected 6026 gold pieces.
You spent 5669 gold pieces at shops.


Innate Abilities, Weirdness & Mutations

You are immune to sickness and miasma.
Your stone body is resilient. (AC +18)
You are immune to poison.
Your large and strong wings let you fly.
You resist negative energy. (rN+)
You are resistant to electric shocks. (rElec)
You are resistant to unholy torment.
You are immune to petrification.
Your mind is acute. (Int +4, Str/Dex -1)
Your spells are a little harder to cast, but a little more powerful.


   Skills:
 + Level 23.3(27) Fighting
 - Level 16.0(21.0) Axes
 - Level 13.0(18.0) Throwing
 - Level 22.0(27) Armour
 - Level 9.0(14.0) Dodging
 - Level 22.0(27) Shields
 - Level 10.0 Invocations


You had 23 spell levels left.
You didn't know any spells.
Your spell library was empty.

Inventory:

Hand Weapons
 h - a +7 vampiric war axe (weapon)
 p - a +5 broad axe of flaming
Missiles
 b - 34 boomerangs
 q - 14 javelins
 A - a boomerang of dispersal
 I - 7 silver javelins (quivered)
 L - 4 silver boomerangs
Armour
 o - the +3 pair of boots "Forget-Me-Not" (worn) {rN+ Str+3 Stlth+}
   (You acquired it on level 5 of the Lair of Beasts)

   Str:       It affects your strength (+3).
   rN:        It protects you from negative energy.
   Stlth:     It makes you more stealthy.
 t - the +2 pair of gloves "Toni" (worn) {Will++ Regen+ Str+3 Int-5}
   (You bought it in a shop on level 10 of the Dungeon)

   Str:       It affects your strength (+3).
   Int:       It affects your intelligence (-5).
   Regen:     It increases your rate of health regeneration.
   Will:      It greatly increases your willpower.
 w - a +2 helmet (worn)
 B - +0 acid dragon scales
 F - a +2 tower shield (worn)
 G - the +10 crystal plate armour of Inevitability (worn) {rN++ Dex-3}
   (You found it on level 3 of the Depths)

   Dex:       It affects your dexterity (-3).
   rN:        It greatly protects you from negative energy.
 H - a +2 cloak
 K - a scarf of resistance (worn)
Jewellery
 a - a ring of resist corrosion
 c - an amulet of reflection
 i - a ring of protection from fire
 j - a ring of protection from cold
 u - the ring of Free Expression {Ice rPois Str-5 SInv}
   (You found it on level 4 of the Shoals)

   [ring of ice]

   It enhances your ice magic.
   Str:       It affects your strength (-5).
   rF:        It makes you vulnerable to fire.
   rC:        It protects you from cold.
   rPois:     It protects you from poison.
   SInv:      It lets you see invisible.
 E - an amulet of faith (around neck)
 M - the ring "Xanah" {rC+ Slay+2}
   (You found it on level 5 of the Vaults)

   [ring of protection from cold]

   Slay:      It affects your accuracy & damage with ranged weapons and melee
   (+2).
   rC:        It protects you from cold.
 N - a ring of resist corrosion
 O - a +5 ring of evasion
 P - the ring "Piaceb" {rC+ rCorr Int+2 Dex-3}
   (You bought it in a shop on level 1 of the Snake Pit)

   [ring of resist corrosion]

   Int:       It affects your intelligence (+2).
   Dex:       It affects your dexterity (-3).
   rC:        It protects you from cold.
   rCorr:     It protects you from acid and corrosion.
 R - the ring of Bannolil (right hand) {rPois rF+ Str+4 Int-5 Dex+2}
   (You took it off a deep elf demonologist on level 5 of the Vaults)

   [ring of protection from fire]

   Str:       It affects your strength (+4).
   Int:       It affects your intelligence (-5).
   Dex:       It affects your dexterity (+2).
   rF:        It protects you from fire.
   rPois:     It protects you from poison.
 Y - a +5 ring of evasion (left hand)
Wands
 y - a wand of digging (6)
Scrolls
 f - 2 scrolls of identify
 n - 16 scrolls of teleportation
 D - a scroll of brand weapon
 J - 3 scrolls of enchant armour
Potions
 d - 12 potions of might
 e - 4 potions of magic
 g - 26 potions of curing
 k - 5 potions of resistance
 l - 8 potions of haste
 m - 9 potions of heal wounds
 r - 6 potions of lignification
 s - 9 potions of mutation
 v - 9 potions of attraction
 x - 2 potions of cancellation

Dungeon Overview and Level Annotations

Branches:
Dungeon (15/15)            Temple (0/1) D:5            Lair (5/5) D:9
 Shoals (4/4) Lair:2        Snake (4/4) Lair:3        Slime (0/5) Lair:4
    Orc (2/2) D:9             Elf (0/3) Orc:2        Vaults (5/5) D:13
  Crypt (0/3) Vaults:3     Depths (4/4) D:15            Zot (2/5) Depths:4
  Sewer (visited)

Altars:
Ashenzari
Cheibriados
Dithmenos
Fedhas
Gozag
Makhleb
Okawaru
Trog
Uskayaw
Wu Jian
Yredelemnul
Zin
The Shining One
Jiyva

Shops:
D:8 :   D:9 ?   D:10 ([   Orc:2 *[!(*!!   Shoals:1 [   Shoals:2 (:(   Snake:1 =
Snake:3 *:(*   Snake:4 =:=?   Vaults:2 *   Vaults:3 [   Vaults:4 [   Depths:1 :

Portals:
Hell: Depths:1 Depths:2 Depths:3 Depths:4
Abyss: Depths:3
Pandemonium: Depths:1 Depths:2 Depths:3 Depths:4
Ziggurat: Depths:3

Annotations:
D:8 1 runed translucent door, qw's ghost, novice GrFi
D:15 2 transporters
Lair:2 3 runed translucent doors, qw's ghost, journeyman GrHu
Vaults:4 1 runed translucent door, qw's ghost, adept MiHu
Depths:3 3 runed translucent doors, qw's ghost, veteran MiHu
Zot:2 2 transporters, qw's ghost, veteran MiHu


Message History

You block the Hell Sentinel's attack.
You hit the Hell Sentinel.
The Hell Sentinel is heavily wounded.
You slice something!! You hit something but do no damage.
You barely miss the Executioner. You closely miss the Tzitzimitl.
You block the Executioner's attack. x2
The Executioner hits you but does no damage.
Something barely misses you.
Something touches you but does no damage.
The moth of wrath goads something on!
The Tzitzimitl engulfs you but does no damage.
The Tzitzimitl completely misses you.
The Executioner hits you but does no damage.
You block the Executioner's attack.
The Executioner hits you but does no damage.
You slice the Hell Sentinel!!
The Hell Sentinel is severely wounded.
You miss something. You hit the Executioner. You miss the Tzitzimitl.
You hit the vampire knight. You hit something but do no damage.
The Hell Sentinel hits you but does no damage.
You block the Hell Sentinel's attack. You block something's attack.
Something touches you but does no damage.
The Executioner gestures.
The Executioner seems to speed up.
You hear a chilling moan.
You hear some strange, mumbled words.
You block the vampire knight's attack.
The vampire knight bites you but does no damage.
You slash the Hell Sentinel!
The Hell Sentinel is severely wounded.
You hit something. x2; You slash the Executioner!
You barely miss the Tzitzimitl. You hit the vampire knight.
You block the Executioner's attack. x3
The Tzitzimitl calls on the powers of darkness!
Your body is wracked with pain!
The Executioner hits you but does no damage.
The Executioner hits you. You block the Executioner's attack.
The Hell Sentinel gestures at you. The iron shot hits you!!!!
Ouch! That really hurt!
You die...

##...
#...#..#
##...#..
#...#y.#
###...#22
##.#..#z.#
#..'..#Ly#
#..#1{#{.#
#..#.@{#
##.#V11#
#.##..[#
#..#...#
##.##(..
#.######
#.# #.#
#.#


You could see a Hell Sentinel (summoned), a Tzitzimitl (summoned), a vampire
knight, an Executioner (summoned, fast) and a moth of wrath.

Vanquished Creatures
  2 dread liches (Zot:2)
  3 ancient liches
  A juggernaut (Depths:4)
  Boris (twice) (Vaults:4 Depths:1)
  8 golden dragons
  A bone dragon (Depths:4)
  An electric golem (Zot:2)
  Zenata (Vaults:3)
  4 liches
  2 quicksilver dragons
  9 tentacled monstrosities
  A walking frostbound tome (Depths:4)
  5 titans
  5 death cobs
  Polyphemus (Shoals:2)
  Kirke (D:13)
  6 sphinxes
  4 tengu reavers
  7 shadow dragons
  Agnes (Snake:1)
  9 storm dragons
  Ilsuiw (Shoals:2)
  5 nagarajas
  Roxanne (Shoals:1)
  10 fire giants
  A draconian scorcher (Zot:1)
  A deep elf sorcerer (Vaults:5)
  9 frost giants
  A draconian knight (Depths:4)
  A balrug (Depths:1)
  Aizul (Shoals:2)
  10 vault wardens
  5 spectral caustic shrikes (Depths:2)
  A quicksilver ooze (shapeshifter) (D:14)
  18 very ugly things
  A draconian annihilator (Depths:4)
  5 orc warlords
  17 ironbound preservers
  2 war gargoyles (Vaults:5)
  13 stone giants
  3 formless jellyfish
  2 draconian stormcallers
  5 green draconians
  4 ironbound thunderhulks
  5 vampire knights
  4 black draconians
  A deep elf annihilator (Vaults:5)
  A white draconian (Depths:4)
  3 deep elf demonologists (Vaults:5)
  3 minotaurs
  A red draconian (Zot:1)
  2 purple draconians (Zot:2)
  9 dire elephants
  Azrael (D:12)
  2 spark wasps (Depths:3)
  2 crystal guardians (Vaults:4)
  16 ettins
  A jiangshi (Vaults:3)
  10 fire dragons
  9 merfolk impalers
  19 yaktaur captains
  A great orb of eyes (Vaults:5)
  2 deep elf high priests (Vaults:5)
  2 merfolk javelineers (Shoals:4)
  2 entropy weavers (Vaults:3)
  Josephine (Lair:4)
  4 spectral krakens (Shoals:4)
  5 catoblepae
  2 salamander tyrants (Snake:4)
  4 ice dragons
  A rakshasa (Depths:1)
  2 spriggan air magi
  3 ghost crabs (Shoals:4)
  24 vault guards (Vaults:5)
  2 ogre magi
  2 peacekeepers (Vaults:4)
  8 merfolk aquamancers
  12 two-headed ogres
  2 merfolk avatars
  13 anacondas
  5 hydras
  12 centaur warriors
  14 naga warriors
  10 dancing weapons
  9 ironbound frosthearts
  3 boulder beetles
  2 satyrs
  12 deep troll shamans
  An alligator snapping turtle (Shoals:4)
  23 death yaks
  An orc high priest (Orc:2)
  7 tengu warriors
  8 deep troll earth magi
  17 naga sharpshooters
  Urug (Lair:4)
  5 spriggan berserkers
  3 vampire magi
  2 spriggans (Depths:1)
  11 hell knights
  9 shock serpents
  2 sixfirhies (Depths:1)
  5 skysharks
  8 iron trolls
  4 skeletal warriors (D:13)
  5 salamander mystics
  3 glowing orange brains
  Lodul (D:13)
  8 sea snakes
  A flayed ghost (Depths:4)
  57 deep trolls
  An orb spider (shapeshifter) (Depths:2)
  9 lindwurms
  4 naga ritualists
  10 necromancers
  5 wizards
  25 ironbound convokers
  9 orc knights
  13 harpies
  20 ugly things
  2 deep elf pyromancers
  10 mana vipers
  A fire giant zombie (Vaults:3)
  6 orc sorcerers
  12 manticores
  A salamander (shapeshifter) (Vaults:5)
  5 fauns
  6 cyclopes
  15 moths of wrath
  An iron dragon skeleton (Depths:1)
  A moth of wrath (shapeshifter) (Depths:2)
  14 vault sentinels
  19 salamanders
  8 merfolk sirens
  A human skeleton (Vaults:3)
  7 guardian serpents (Snake:4)
  21 black mambas
  A stone giant skeleton (Depths:1)
  12 naga magi
  24 elephants
  8 water nymphs
  2 black mambas (shapeshifter)
  An orange demon (Depths:1)
  A gargoyle (D:14)
  A torpor snail (shapeshifter) (Depths:2)
  Psyche (D:9)
  A komodo dragon (shapeshifter) (Depths:2)
  28 yaktaurs
  An unseen horror (D:13)
  A rime drake (shapeshifter) (Depths:2)
  Maggie (D:7)
  10 cane toads
  9 komodo dragons
  An efreet (D:15)
  A tengu conjurer (Depths:1)
  A spectral merfolk (Shoals:4)
  A freezing wraith (Vaults:5)
  A troll (D:12)
  9 wind drakes
  A red devil (Depths:1)
  A queen bee (shapeshifter) (Depths:2)
  32 merfolk
  A polar bear (Lair:5)
  A polar bear (shapeshifter) (D:15)
  3 wind drakes (shapeshifter) (Depths:2)
  13 blink frogs
  6 hornets
  8 snapping turtles
  2 spriggan zombies (Depths:1)
  4 dream sheep (Lair:5)
  A stone giant simulacrum (Depths:1)
  An ettin zombie (Vaults:3)
  A human simulacrum (Vaults:3)
  A shadow (D:10)
  35 slime creatures
  12 water elementals
  2 wyverns
  A yak (shapeshifter) (Depths:2)
  74 yaks
  A hog (shapeshifter) (Vaults:5)
  5 hogs (D:13)
  17 basilisks
  A fire elemental (Lair:3)
  3 redbacks (Vaults:3)
  A golden eye (shapeshifter) (Depths:2)
  A steam dragon (D:7)
  7 wraiths
  Grum (D:10)
  A redback (shapeshifter) (Depths:2)
  6 vampire mosquitoes
  39 nagas
  9 wargs
  4 acid dragons
  4 hell hounds (D:12)
  20 water moccasins
  24 orc warriors
  2 floating eyes
  An ice beast (D:5)
  Duvessa (D:6)
  A human zombie (Vaults:3)
  A black bear (shapeshifter) (Depths:2)
  5 black bears
  18 ogres
  13 wolves
  5 boggarts (D:14)
  14 centaurs
  A centaur (shapeshifter) (Depths:4)
  3 phantoms
  10 bullfrogs
  5 kobold brigands
  5 scorpions
  2 gnoll sergeants
  8 wights (D:8)
  Dowan (D:6)
  3 killer bees (D:9)
  An elephant simulacrum (Lair:3)
  4 howler monkeys (D:11)
  A lava snake (Lair:3)
  16 orc priests
  4 hounds
  A jelly (D:5)
  A sleepcap (D:5)
  2 iguanas
  Natasha (thrice) (D:2)
  28 orc wizards
  15 gnolls
  7 adders
  A shadow imp (D:8)
  An ufetubus (D:7)
  2 worms
  2 dart slugs
  43 orcs
  9 ball pythons
  4 endoplasms
  3 giant cockroaches
  4 goblins
  6 hobgoblins
  4 jackals (D:5)
  16 kobolds
  3 quokkas
  5 bats
  2 frilled lizards (D:1)
  14 rats
  4 tentacles (Shoals:4)
1612 creatures vanquished.

Vanquished Creatures (others)
  2 fire giants
  2 merfolk (Shoals:4)
  A naga (Snake:4)
  An orc priest (Orc:2)
  2 orc wizards (Orc:2)
  10 tentacles (Shoals:4)
18 creatures vanquished.

Grand Total: 1630 creatures vanquished

Notes
Turn   | Place    | Note
-------+----------+-------------------------------------------
     0 | D:1      | qw the Gargoyle Fighter began the quest for the Orb.
     0 | D:1      | Reached XP level 1. HP: 14/14 MP: 1/1
     0 | D:1      | 0 ||| qw: Version: 0.2-a-29-gc1b59c4
     0 | D:1      | 0 ||| qw: Game counter: 4495
     0 | D:1      | 0 ||| qw: Always use a shield: true
     0 | D:1      | 0 ||| qw: God list: Okawaru
     0 | D:1      | 0 ||| qw: Allow faded altars: false
     0 | D:1      | 0 ||| qw: Do Orc after D:15 true
     0 | D:1      | 0 ||| qw: Do second Lair branch before Depths: true
     0 | D:1      | 0 ||| qw: Lair rune preference: random
     0 | D:1      | 0 ||| qw: Plans: Normal, Zot:1-4, Slime:5, God:TSO, Crypt,
                  | Tomb, Abyss, Pan, Hells, Win
     0 | D:1      | 0 ||| PLANNING D:1-11
    74 | D:1      | 74 ||| Stepping ~*~*~tactically~*~*~ (hiding).
   109 | D:1      | 109 ||| Stepping ~*~*~tactically~*~*~ (hiding).
   111 | D:1      | 111 ||| Stepping ~*~*~tactically~*~*~ (hiding).
   112 | D:1      | 112 ||| Stepping ~*~*~tactically~*~*~ (hiding).
   118 | D:1      | Reached XP level 2. HP: 17/19 MP: 2/2
   563 | D:1      | 563 ||| Stepping ~*~*~tactically~*~*~ (hiding).
   971 | D:1      | Reached skill level 3 in Axes
   993 | D:1      | 993 ||| UPGRADING to +6 ring of dexterity.
   994 | D:1      | 994 ||| UPGRADING to ring of willpower.
   995 | D:1      | 995 ||| READING scroll labelled BYSIUM ROSIM.
  1000 | D:1      | 1000 ||| READING scroll labelled PEDIUN JOCUSTRAU.
  1001 | D:1      | 1001 ||| READING scroll labelled GECETE WIMEL.
  1002 | D:1      | 1002 ||| READING scroll labelled MIOCVU JUCW.
  1040 | D:2      | Noticed Natasha
  1044 | D:2      | Killed Natasha
  1045 | D:2      | Reached skill level 1 in Dodging
  1045 | D:2      | Reached XP level 3. HP: 23/23 MP: 3/3
  1048 | D:2      | 1048 ||| Stepping ~*~*~tactically~*~*~ (stealth).
  1056 | D:2      | Reached XP level 4. HP: 28/28 MP: 4/4
  1060 | D:2      | 1060 ||| Stepping ~*~*~tactically~*~*~ (stealth).
  1145 | D:2      | Noticed Natasha
  1152 | D:2      | Killed Natasha
  1439 | D:2      | Noticed Natasha
  1446 | D:2      | Killed Natasha
  1447 | D:2      | Reached XP level 5. HP: 24/32 MP: 5/5
  1578 | D:2      | Found an iron altar of Okawaru.
  1579 | D:2      | 1579 ||| PLANNING OKAWARU WORSHIP
  1579 | D:2      | 1579 ||| READING scroll labelled YNEUKLIUMO.
  1580 | D:2      | 1580 ||| READING scroll labelled QELOAMOAMP.
  1581 | D:2      | 1581 ||| READING scroll labelled ZAQUNKAXUESK.
  1582 | D:2      | 1582 ||| READING scroll labelled XENINO SENK.
  1606 | D:2      | 1606 ||| READING 2 scrolls of identify.
  1606 | D:2      | 1606 ||| IDENTIFYING dark potion
  1614 | D:2      | Became a worshipper of Warmaster Okawaru
  1614 | D:2      | 1614 ||| PLANNING D:1-11
  1812 | D:2      | 1812 ||| READING scroll labelled GEKIZA SEFIST.
  1813 | D:2      | 1813 ||| READING 2 scrolls of identify.
  1813 | D:2      | 1813 ||| IDENTIFYING coppery potion
  1814 | D:2      | 1814 ||| DROPPING potion of degeneration.
  1973 | D:3      | 1973 ||| Stepping ~*~*~tactically~*~*~ (stealth).
  2568 | D:3      | Found a burning altar of Makhleb.
  2568 | D:3      | Noticed a green death
  2571 | D:3      | Noticed a neqoxec
  2571 | D:3      | Noticed an orange demon
  2615 | D:3      | 2615 ||| UPGRADING to +0 chain mail.
  2625 | D:3      | 2625 ||| DROPPING +0 scale mail.
  2626 | D:3      | 2626 ||| READING scroll labelled YBBIEGUSAG.
  2627 | D:3      | 2627 ||| DRINKING 4 viscous golden potions.
  2628 | D:3      | 2628 ||| DROPPING 3 potions of enlightenment.
  2693 | D:4      | 2693 ||| DROPPING +0 mace.
  2697 | D:4      | Noticed an ogre
  2698 | D:4      | 2698 ||| Stepping ~*~*~tactically~*~*~ (stealth).
  2705 | D:4      | HP: 4/32 [ogre/+0 giant club (8)]
  2706 | D:4      | 2706 ||| READING scroll of teleportation.
  2711 | D:4      | HP: 5/32 [ball python (1)]
  2713 | D:4      | Killed an ogre
  2714 | D:4      | Reached XP level 6. HP: 8/37 MP: 6/6
  2715 | D:4      | 2715 ||| FLEEEEING.
  2716 | D:4      | 2716 ||| FLEEEEING.
  2717 | D:4      | 2717 ||| FLEEEEING.
  2718 | D:4      | 2718 ||| FLEEEEING.
  2719 | D:4      | 2719 ||| FLEEEEING.
  2720 | D:4      | 2720 ||| FLEEEEING.
  2721 | D:4      | 2721 ||| FLEEEEING.
  2722 | D:4      | 2722 ||| FLEEEEING.
  2723 | D:4      | 2723 ||| FLEEEEING.
  2724 | D:4      | 2724 ||| FLEEEEING.
  2725 | D:4      | 2725 ||| FLEEEEING.
  2726 | D:4      | 2726 ||| FLEEEEING.
  2728 | D:4      | 2728 ||| FLEEEEING.
  2729 | D:4      | 2729 ||| FLEEEEING.
  2730 | D:4      | 2730 ||| STAIRDANCE
  2814 | D:4      | 2814 ||| STAIRDANCE
  3182 | D:4      | 3182 ||| UPGRADING to ring of protection from cold.
  3184 | D:4      | 3184 ||| READING 2 scrolls of identify.
  3184 | D:4      | 3184 ||| IDENTIFYING white potion
  3235 | D:5      | Entered Level 5 of the Dungeon
  3261 | D:5      | 3261 ||| Stepping ~*~*~tactically~*~*~ (stealth).
  3280 | D:5      | Reached skill level 1 in Throwing
  3326 | D:5      | 3326 ||| Stepping ~*~*~tactically~*~*~ (hiding).
  3328 | D:5      | 3328 ||| Stepping ~*~*~tactically~*~*~ (hiding).
  3333 | D:5      | Reached skill level 4 in Fighting
  3457 | D:5      | Reached XP level 7. HP: 44/44 MP: 7/7
  3597 | D:5      | 3597 ||| Stepping ~*~*~tactically~*~*~ (stealth).
  3608 | D:5      | Reached * piety under Okawaru
  3609 | D:5      | Reached skill level 6 in Axes
  3661 | D:5      | 3661 ||| INVOKING Heroism.
  3730 | D:5      | Found a staircase to the Ecumenical Temple.
  3844 | D:5      | Reached skill level 1 in Invocations
  3845 | D:5      | Reached XP level 8. HP: 47/48 MP: 7/9
  3925 | D:5      | 3925 ||| UPGRADING to amulet of the acrobat.
  3930 | D:5      | 3930 ||| DROPPING ring of magical power.
  3931 | D:5      | 3931 ||| DRINKING 2 black potions.
  3932 | D:5      | 3932 ||| READING 2 scrolls of identify.
  3932 | D:5      | 3932 ||| IDENTIFYING brown potion
  3933 | D:5      | 3933 ||| DROPPING potion of ambrosia.
  3950 | D:6      | 3950 ||| PLANNING SEWER
  4046 | D:6      | 4046 ||| Stepping ~*~*~tactically~*~*~ (stealth).
  4054 | D:6      | Reached skill level 3 in Invocations
  4091 | D:6      | 4091 ||| INVOKING Heroism.
  4099 | D:6      | Reached skill level 5 in Fighting
  4122 | D:6      | Found an opulent altar of Gozag.
  4141 | D:6      | Found an ornate altar of the Wu Jian Council.
  4143 | D:6      | Noticed Duvessa
  4143 | D:6      | Noticed Dowan
  4144 | D:6      | 4144 ||| INVOKING Heroism.
  4154 | D:6      | Killed Dowan
  4161 | D:6      | Killed Duvessa
  4281 | D:6      | Found a glowing drain.
  4285 | Sewer    | Entered a sewer
  4301 | Sewer    | 4301 ||| Stepping ~*~*~tactically~*~*~ (water).
  4431 | Sewer    | 4431 ||| Stepping ~*~*~tactically~*~*~ (water).
  4452 | Sewer    | Reached ** piety under Okawaru
  4453 | Sewer    | Reached skill level 6 in Fighting
  4498 | Sewer    | 4498 ||| Stepping ~*~*~tactically~*~*~ (water).
  4501 | Sewer    | 4501 ||| Stepping ~*~*~tactically~*~*~ (stealth).
  4522 | Sewer    | 4522 ||| Stepping ~*~*~tactically~*~*~ (stealth).
  4535 | Sewer    | 4535 ||| Stepping ~*~*~tactically~*~*~ (water).
  4536 | Sewer    | 4536 ||| Stepping ~*~*~tactically~*~*~ (stealth).
  4577 | Sewer    | Reached XP level 9. HP: 55/55 MP: 12/12
  4579 | Sewer    | 4579 ||| READING scroll labelled EVVUSMO UKENK.
  4580 | Sewer    | 4580 ||| READING 2 scrolls of identify.
  4580 | Sewer    | 4580 ||| IDENTIFYING green potion
  4606 | D:6      | 4606 ||| PLANNING D:1-11
  4713 | D:6      | 4713 ||| Stepping ~*~*~tactically~*~*~ (stealth).
  4921 | D:6      | 4921 ||| Stepping ~*~*~tactically~*~*~ (hiding).
  5055 | D:6      | 5055 ||| Stepping ~*~*~tactically~*~*~ (hiding).
  5152 | D:6      | Reached skill level 9 in Axes
  5170 | D:6      | 5170 ||| READING scroll labelled POTIOPSYDD.
  5233 | D:7      | 5233 ||| INVOKING Heroism.
  5344 | D:7      | 5344 ||| INVOKING Heroism.
  5353 | D:7      | Reached skill level 7 in Fighting
  5357 | D:7      | HP: 13/57 [vampire mosquito (3)]
  5358 | D:7      | 5358 ||| READING 3 scrolls of teleportation.
  5359 | D:7      | 5359 ||| DRINKING 2 potions of heal wounds.
  5457 | D:7      | Noticed Maggie
  5471 | D:7      | 5471 ||| INVOKING Heroism.
  5483 | D:7      | Killed Maggie
  5711 | D:7      | 5711 ||| Stepping ~*~*~tactically~*~*~ (stealth).
  5713 | D:7      | 5713 ||| Stepping ~*~*~tactically~*~*~ (hiding).
  5912 | D:7      | You fall into a shaft and drop 2 floors!
  5983 | D:9      | 5983 ||| Stepping ~*~*~tactically~*~*~ (stealth).
  5990 | D:9      | Reached *** piety under Okawaru
  6013 | D:9      | 6013 ||| INVOKING Heroism.
  6017 | D:9      | Reached XP level 10. HP: 48/63 MP: 10/13
  6021 | D:9      | Reached skill level 8 in Fighting
  6090 | D:9      | Found a staircase to the Orcish Mines.
  6140 | D:9      | 6140 ||| INVOKING Heroism.
  6158 | D:9      | 6158 ||| UPGRADING to +1 helmet.
  6163 | D:9      | 6163 ||| READING scroll of enchant armour.
  6163 | D:9      | 6163 ||| ENCHANTING +1 helmet.
  6164 | D:9      | 6164 ||| READING scroll labelled PUMNIN KAECA.
  6165 | D:9      | 6165 ||| READING 2 scrolls labelled DUZIUH PUCSE.
  6166 | D:9      | 6166 ||| READING 4 scrolls of identify.
  6166 | D:9      | 6166 ||| IDENTIFYING sedimented orange potion
  6167 | D:9      | 6167 ||| READING 3 scrolls of identify.
  6167 | D:9      | 6167 ||| IDENTIFYING bubbling puce potion
  6168 | D:9      | 6168 ||| READING 2 scrolls of identify.
  6168 | D:9      | 6168 ||| IDENTIFYING sedimented grey potion
  6169 | D:9      | 6169 ||| DROPPING scroll of amnesia.
  6187 | D:9      | 6187 ||| INVOKING Heroism.
  6189 | D:9      | Found a staircase to the Lair.
  6211 | D:9      | 6211 ||| INVOKING Heroism.
  6264 | D:8      | Reached **** piety under Okawaru
  6267 | D:8      | 6267 ||| INVOKING Heroism.
  6326 | D:8      | 6326 ||| Stepping ~*~*~tactically~*~*~ (stealth).
  6446 | D:8      | Reached XP level 11. HP: 69/69 MP: 15/15
  6453 | D:8      | Reached skill level 9 in Fighting
  6498 | D:8      | 6498 ||| UPGRADING to +0 plate armour.
  6508 | D:8      | 6508 ||| DROPPING +0 chain mail.
  6509 | D:8      | 6509 ||| READING scroll of enchant armour.
  6509 | D:8      | 6509 ||| ENCHANTING +0 plate armour.
  6510 | D:8      | 6510 ||| READING 2 scrolls of identify.
  6510 | D:8      | 6510 ||| IDENTIFYING amethyst potion
  6679 | D:7      | 6679 ||| Stepping ~*~*~tactically~*~*~ (stealth).
  6680 | D:7      | 6680 ||| INVOKING Heroism.
  6681 | D:7      | 6681 ||| Stepping ~*~*~tactically~*~*~ (cloud).
  6683 | D:7      | 6683 ||| Stepping ~*~*~tactically~*~*~ (hiding).
  6685 | D:7      | Found a shadowy altar of Dithmenos.
  6695 | D:7      | Reached skill level 6 in Invocations
  6987 | D:7      | 6987 ||| PLANNING LAIR
  7093 | Lair:1   | Entered Level 1 of the Lair of Beasts
  7230 | Lair:1   | 7230 ||| Stepping ~*~*~tactically~*~*~ (hiding).
  7253 | Lair:1   | 7253 ||| INVOKING Heroism.
  7272 | Lair:1   | Reached skill level 6 in Armour
  7450 | Lair:1   | 7450 ||| INVOKING Heroism.
  7496 | Lair:1   | 7496 ||| Stepping ~*~*~tactically~*~*~ (stealth).
  7498 | Lair:1   | 7498 ||| INVOKING Heroism.
  7524 | Lair:1   | Received a gift from Okawaru
  7630 | Lair:1   | You fall into a shaft and drop 1 floor!
  7635 | Lair:2   | 7635 ||| Stepping ~*~*~tactically~*~*~ (hiding).
  7640 | Lair:2   | 7640 ||| INVOKING Heroism.
  7655 | Lair:2   | Received a gift from Okawaru
  7693 | Lair:2   | Noticed a four-headed hydra
  7693 | Lair:2   | 7693 ||| INVOKING Heroism.
  7699 | Lair:2   | 7699 ||| SWAPPING to +0 morningstar.
  7705 | Lair:2   | Killed a four-headed hydra
  7706 | Lair:2   | 7706 ||| SWAPPING to +0 vampiric war axe.
  7765 | Lair:2   | 7765 ||| INVOKING Heroism.
  7769 | Lair:2   | Noticed a six-headed hydra
  7777 | Lair:2   | 7777 ||| SWAPPING to +0 morningstar.
  7783 | Lair:2   | Killed a six-headed hydra
  7784 | Lair:2   | 7784 ||| SWAPPING to +0 vampiric war axe.
  7880 | Lair:2   | 7880 ||| INVOKING Heroism.
  7904 | Lair:2   | Reached skill level 9 in Invocations
  7934 | Lair:2   | 7934 ||| INVOKING Heroism.
  7994 | Lair:2   | Found a runed translucent gate.
  7994 | Lair:2   | Found a runed translucent gate.
  7995 | Lair:2   | Found a runed translucent gate.
  7995 | Lair:2   | Noticed qw's ghost (journeyman GrHu)
  7995 | Lair:2   | Noticed a ten-headed hydra
  7996 | Lair:2   | Noticed a nine-headed hydra
  8007 | Lair:2   | 8007 ||| UPGRADING to +5 ring of evasion.
  8009 | Lair:2   | 8009 ||| UPGRADING to ring of protection from cold.
  8315 | Lair:1   | 8315 ||| READING 2 scrolls of identify.
  8315 | Lair:1   | 8315 ||| IDENTIFYING red potion
  8316 | Lair:1   | 8316 ||| DROPPING potion of berserk rage.
  8426 | Lair:2   | 8426 ||| Stepping ~*~*~tactically~*~*~ (hiding).
  8427 | Lair:2   | 8427 ||| INVOKING Heroism.
  8443 | Lair:2   | 8443 ||| Stepping ~*~*~tactically~*~*~ (hiding).
  8455 | Lair:2   | Reached skill level 12 in Axes
  8455 | Lair:2   | Reached XP level 12. HP: 72/76 MP: 19/19
  8456 | Lair:2   | Reached ***** piety under Okawaru
  8471 | Lair:2   | 8471 ||| INVOKING Heroism.
  8558 | Lair:2   | Noticed a death yak
  8558 | Lair:2   | Noticed a death yak
  8559 | Lair:2   | 8559 ||| INVOKING Heroism.
  8560 | Lair:2   | Noticed a death yak
  8576 | Lair:2   | Killed a death yak
  8584 | Lair:2   | Killed a death yak
  8585 | Lair:2   | 8585 ||| INVOKING Finesse.
  8589 | Lair:2   | Killed a death yak
  8590 | Lair:2   | Reached skill level 6 in Shields
  8971 | Lair:2   | 8971 ||| UPGRADING to +0 pair of boots.
  8999 | Lair:3   | Reached skill level 3 in Throwing
  9084 | Lair:3   | Found a staircase to the Snake Pit.
  9133 | Lair:3   | 9133 ||| INVOKING Heroism.
  9695 | Lair:3   | Received a gift from Okawaru
  9696 | Lair:3   | Reached skill level 10 in Fighting
  9713 | Lair:3   | Found a frozen archway.
  9786 | Lair:3   | Noticed a skyshark
  9803 | Lair:3   | Killed a skyshark
  9964 | Lair:3   | 9964 ||| READING 3 scrolls of identify.
  9964 | Lair:3   | 9964 ||| IDENTIFYING purple potion
  9965 | Lair:3   | 9965 ||| READING 2 scrolls of identify.
  9965 | Lair:3   | 9965 ||| IDENTIFYING blue potion
  9966 | Lair:3   | 9966 ||| DROPPING potion of brilliance.
 10048 | Lair:4   | Noticed Urug
 10049 | Lair:4   | 10049 ||| INVOKING Heroism.
 10050 | Lair:4   | 10050 ||| INVOKING Finesse.
 10066 | Lair:4   | Killed Urug
 10067 | Lair:4   | Reached skill level 9 in Armour
 10123 | Lair:4   | 10123 ||| DROPPING +0 morningstar.
 10216 | Lair:4   | 10216 ||| INVOKING Heroism.
 10458 | Lair:4   | Reached XP level 13. HP: 81/82 MP: 20/20
 10484 | Lair:4   | 10484 ||| INVOKING Heroism.
 10564 | Lair:4   | Received a gift from Okawaru
 10580 | Lair:4   | 10580 ||| INVOKING Heroism.
 10644 | Lair:4   | 10644 ||| Stepping ~*~*~tactically~*~*~ (stealth).
 10679 | Lair:4   | 10679 ||| Stepping ~*~*~tactically~*~*~ (stealth).
 10680 | Lair:4   | 10680 ||| Stepping ~*~*~tactically~*~*~ (stealth).
 10682 | Lair:4   | 10682 ||| Stepping ~*~*~tactically~*~*~ (stealth).
 10700 | Lair:4   | Received a gift from Okawaru
 10733 | Lair:4   | 10733 ||| DROPPING +0 war axe.
 10748 | Lair:4   | Noticed Josephine
 10757 | Lair:4   | 10757 ||| INVOKING Heroism.
 10764 | Lair:4   | Killed Josephine
 10892 | Lair:4   | Found a viscous altar of Jiyva.
 10892 | Lair:4   | Found a staircase to the Slime Pits.
 11184 | Lair:4   | 11184 ||| Stepping ~*~*~tactically~*~*~ (stealth).
 11190 | Lair:4   | 11190 ||| Stepping ~*~*~tactically~*~*~ (stealth).
 11348 | Lair:5   | Entered Level 5 of the Lair of Beasts
 11387 | Lair:5   | 11387 ||| Stepping ~*~*~tactically~*~*~ (stealth).
 11390 | Lair:5   | 11390 ||| INVOKING Heroism.
 11456 | Lair:5   | 11456 ||| INVOKING Heroism.
 11488 | Lair:5   | 11488 ||| Stepping ~*~*~tactically~*~*~ (stealth).
 11508 | Lair:5   | Reached skill level 11 in Fighting
 11607 | Lair:5   | Received a gift from Okawaru
 11643 | Lair:5   | 11643 ||| INVOKING Heroism.
 11682 | Lair:5   | Identified the +5 scale mail of Sorcery {rPois Will+}
                  | (Okawaru gifted it to you on level 5 of the Lair of Beasts)
 11682 | Lair:5   | Received a gift from Okawaru
 11701 | Lair:5   | Identified the +0 chain mail of Lucidity {rF+}
 11713 | Lair:5   | 11713 ||| INVOKING Heroism.
 11718 | Lair:5   | 11718 ||| INVOKING Finesse.
 11769 | Lair:5   | Identified the +1 falchion "Duetheoj" {antimagic, rF+ rCorr
                  | Str-4}
 11777 | Lair:5   | 11777 ||| INVOKING Heroism.
 11790 | Lair:5   | Gained mutation: Your large and strong wings let you fly.
                  | [Gargoyle growth]
 11790 | Lair:5   | Reached XP level 14. HP: 75/90 MP: 19/21
 11810 | Lair:5   | Reached skill level 15 in Axes
 11974 | Lair:5   | 11974 ||| INVOKING Heroism.
 11975 | Lair:5   | 11975 ||| INVOKING Finesse.
 12027 | Lair:5   | Reached skill level 12 in Fighting
 12261 | Lair:5   | 12261 ||| INVOKING Heroism.
 12262 | Lair:5   | 12262 ||| INVOKING Finesse.
 12316 | Lair:5   | Reached skill level 6 in Throwing
 12353 | Lair:5   | 12353 ||| Stepping ~*~*~tactically~*~*~ (stealth).
 12361 | Lair:5   | 12361 ||| INVOKING Heroism.
 12362 | Lair:5   | 12362 ||| INVOKING Finesse.
 12373 | Lair:5   | 12373 ||| SWAPPING to +7 eveningstar.
 12378 | Lair:5   | 12378 ||| SWAPPING to +0 vampiric war axe.
 12614 | Lair:5   | Received a gift from Okawaru
 12823 | Lair:5   | 12823 ||| PLANNING D:1-11
 12823 | Lair:5   | 12823 ||| DROPPING +1 hat.
 12824 | Lair:5   | 12824 ||| UPGRADING to +0 pair of gloves.
 12829 | Lair:5   | 12829 ||| UPGRADING to amulet of faith.
 12839 | Lair:5   | 12839 ||| READING scroll labelled KOTAEL EZUSER.
 12840 | Lair:5   | 12840 ||| READING scroll labelled DEGISU DIBRA.
 12941 | Lair:5   | 12941 ||| READING scroll labelled LYUVIR TUTTUMI.
 12941 | Lair:5   | Identified a scroll of acquirement
 12941 | Lair:5   | 12941 ||| ACQUIRING +3 pair of boots "Forget-Me-Not" {rN+
                  | Str+3 Stlth+}
 12941 | Lair:5   | Acquired the +3 pair of boots "Forget-Me-Not" {rN+ Str+3
                  | Stlth+}
 12943 | Lair:5   | 12943 ||| UPGRADING to +3 pair of boots "Forget-Me-Not"
                  | {rN+ Str+3 Stlth+}.
 12953 | Lair:5   | 12953 ||| DROPPING +0 pair of boots.
 12954 | Lair:5   | 12954 ||| DROPPING scroll of immolation.
 13057 | D:9      | Noticed Psyche
 13063 | D:9      | Killed Psyche
 13163 | D:8      | Found a runed translucent door.
 13163 | D:8      | Noticed qw's ghost (novice GrFi)
 13294 | D:8      | 13294 ||| Stepping ~*~*~tactically~*~*~ (hiding).
 13344 | D:8      | Found Dusal's Self-Improvement Boutique.
 13416 | D:8      | Identified the ring of Talur {rN+ Dex+3 Slay+3}
 13609 | D:8      | 13609 ||| UPGRADING to ring of Talur {rN+ Dex+3 Slay+3}.
 13611 | D:8      | 13611 ||| DROPPING +6 ring of dexterity.
 13612 | D:8      | 13612 ||| DROPPING ring of willpower.
 13658 | D:9      | Identified the +2 leather armour "Wuz Seimotoph" {Dex+2}
 13730 | D:9      | 13730 ||| Stepping ~*~*~tactically~*~*~ (stealth).
 13801 | D:9      | Found Deofroti's Magic Scroll Shoppe.
 13804 | D:9      | 13804 ||| BUYING scroll of teleportation (30 gold).
 13804 | D:9      | Bought a scroll of teleportation for 30 gold pieces
 13882 | D:9      | 13882 ||| Stepping ~*~*~tactically~*~*~ (stealth).
 13984 | D:9      | Received a gift from Okawaru
 14069 | D:9      | 14069 ||| DROPPING ring of wizardry.
 14081 | D:10     | Entered Level 10 of the Dungeon
 14092 | D:10     | Found Jappurog's Weapon Shoppe.
 14114 | D:10     | Found Caic's Armour Shop.
 14159 | D:10     | 14159 ||| BUYING +1 plate armour "Pakucwic" {rF- Dex+5}
                  | (539 gold).
 14159 | D:10     | Bought the +1 plate armour "Pakucwic" {rF- Dex+5} for 539
                  | gold pieces
 14159 | D:10     | 14159 ||| SHOPLISTING +1 plate armour of fire resistance
                  | (490 gold, have 439).
 14159 | D:10     | 14159 ||| SHOPLISTING +2 pair of gloves "Hemyitto" {-Tele
                  | rPois rC+ Str+7} (565 gold, have 439).
 14159 | D:10     | 14159 ||| BUYING +2 pair of gloves "Toni" {Will++ Regen+
                  | Str+3 Int-5} (438 gold).
 14159 | D:10     | Bought the +2 pair of gloves "Toni" {Will++ Regen+ Str+3
                  | Int-5} for 438 gold pieces
 14183 | D:10     | Found Sece Isch's Antique Weapon Shop.
 14191 | D:10     | 14191 ||| Stepping ~*~*~tactically~*~*~ (hiding).
 14216 | D:10     | Noticed Grum
 14216 | D:10     | 14216 ||| INVOKING Heroism.
 14238 | D:10     | Killed Grum
 14355 | D:10     | 14355 ||| FLEEEEING.
 14356 | D:10     | 14356 ||| FLEEEEING.
 14357 | D:10     | 14357 ||| FLEEEEING.
 14358 | D:10     | 14358 ||| FLEEEEING.
 14364 | D:10     | 14364 ||| FLEEEEING.
 14368 | D:10     | 14368 ||| FLEEEEING.
 14369 | D:10     | 14369 ||| FLEEEEING.
 14373 | D:10     | 14373 ||| FLEEEEING.
 14377 | D:10     | 14377 ||| FLEEEEING.
 14378 | D:10     | 14378 ||| FLEEEEING.
 14381 | D:10     | 14381 ||| FLEEEEING.
 14382 | D:10     | 14382 ||| FLEEEEING.
 14383 | D:10     | 14383 ||| FLEEEEING.
 14384 | D:10     | 14384 ||| FLEEEEING.
 14385 | D:10     | 14385 ||| FLEEEEING.
 14386 | D:10     | 14386 ||| FLEEEEING.
 14387 | D:10     | 14387 ||| FLEEEEING.
 14388 | D:10     | 14388 ||| FLEEEEING.
 14389 | D:10     | 14389 ||| FLEEEEING.
 14390 | D:10     | 14390 ||| FLEEEEING.
 14391 | D:10     | 14391 ||| FLEEEEING.
 14392 | D:10     | 14392 ||| FLEEEEING.
 14393 | D:10     | 14393 ||| FLEEEEING.
 14394 | D:10     | 14394 ||| FLEEEEING.
 14395 | D:10     | 14395 ||| FLEEEEING.
 14397 | D:10     | 14397 ||| STAIRDANCE
 14512 | D:9      | 14512 ||| UPGRADING to +2 pair of gloves "Toni" {Will++
                  | Regen+ Str+3 Int-5}.
 14522 | D:9      | 14522 ||| DROPPING +0 pair of gloves.
 14536 | D:10     | Reached skill level 3 in Dodging
 14537 | D:10     | 14537 ||| FLEEEEING.
 14538 | D:10     | 14538 ||| FLEEEEING.
 14539 | D:10     | 14539 ||| FLEEEEING.
 14540 | D:10     | 14540 ||| FLEEEEING.
 14541 | D:10     | 14541 ||| FLEEEEING.
 14542 | D:10     | 14542 ||| STAIRDANCE
 15080 | D:10     | Found a snail-covered altar of Cheibriados.
 15080 | D:10     | Found a broken altar of Ashenzari.
 15080 | D:10     | Found a basalt altar of Yredelemnul.
 15083 | D:10     | Found a glowing golden altar of the Shining One.
 15084 | D:10     | Found a blossoming altar of Fedhas.
 15142 | D:10     | 15142 ||| DROPPING orb of wrath.
 15237 | D:11     | 15237 ||| Stepping ~*~*~tactically~*~*~ (hiding).
 15238 | D:11     | 15238 ||| Stepping ~*~*~tactically~*~*~ (hiding).
 15394 | D:11     | 15394 ||| INVOKING Heroism.
 15451 | D:11     | 15451 ||| Stepping ~*~*~tactically~*~*~ (hiding).
 15458 | D:11     | Received a gift from Okawaru
 15537 | D:11     | 15537 ||| Stepping ~*~*~tactically~*~*~ (hiding).
 15873 | D:11     | 15873 ||| Stepping ~*~*~tactically~*~*~ (stealth).
 16099 | D:11     | 16099 ||| PLANNING D
 16099 | D:11     | 16099 ||| UPGRADING to +0 kite shield.
 16109 | D:11     | 16109 ||| DROPPING +0 buckler.
 16122 | D:12     | 16122 ||| INVOKING Heroism.
 16131 | D:12     | Identified the +0 helmet of Resilience {Fly} (Okawaru
                  | gifted it to you on level 12 of the Dungeon)
 16131 | D:12     | Received a gift from Okawaru
 16137 | D:12     | Reached XP level 15. HP: 96/96 MP: 22/22
 16222 | D:12     | 16222 ||| Stepping ~*~*~tactically~*~*~ (stealth).
 16224 | D:12     | 16224 ||| Stepping ~*~*~tactically~*~*~ (stealth).
 16231 | D:12     | 16231 ||| INVOKING Heroism.
 16237 | D:12     | Reached skill level 9 in Shields
 16279 | D:12     | Noticed Azrael
 16280 | D:12     | 16280 ||| INVOKING Heroism.
 16281 | D:12     | 16281 ||| INVOKING Finesse.
 16293 | D:12     | Killed Azrael
 16427 | D:12     | Found a glowing silver altar of Zin.
 16444 | D:12     | 16444 ||| DROPPING +0 helmet of Resilience {Fly}.
 16537 | D:13     | Found a gate to the Vaults.
 16578 | D:13     | Noticed Lodul
 16579 | D:13     | 16579 ||| Stepping ~*~*~tactically~*~*~ (hiding).
 16582 | D:13     | 16582 ||| Stepping ~*~*~tactically~*~*~ (hiding).
 16583 | D:13     | 16583 ||| Stepping ~*~*~tactically~*~*~ (hiding).
 16595 | D:13     | Killed Lodul
 16639 | D:13     | 16639 ||| Stepping ~*~*~tactically~*~*~ (hiding).
 16692 | D:13     | 16692 ||| INVOKING Heroism.
 16693 | D:13     | 16693 ||| READING 11 scrolls of teleportation.
 16744 | D:13     | 16744 ||| INVOKING Heroism.
 16878 | D:13     | Noticed Kirke
 16879 | D:13     | 16879 ||| INVOKING Heroism.
 16896 | D:13     | Killed Kirke
 16906 | D:13     | 16906 ||| Stepping ~*~*~tactically~*~*~ (stealth).
 16908 | D:13     | 16908 ||| Stepping ~*~*~tactically~*~*~ (hiding).
 16941 | D:13     | 16941 ||| INVOKING Heroism.
 16947 | D:13     | Reached skill level 12 in Shields
 17097 | D:13     | 17097 ||| INVOKING Heroism.
 17098 | D:13     | 17098 ||| INVOKING Finesse.
 17099 | D:13     | 17099 ||| SWAPPING to +7 eveningstar.
 17104 | D:13     | 17104 ||| SWAPPING to +0 vampiric war axe.
 17105 | D:13     | 17105 ||| Stepping ~*~*~tactically~*~*~ (hiding).
 17191 | D:13     | 17191 ||| DROPPING +6 ring of intelligence.
 17249 | D:14     | 17249 ||| INVOKING Heroism.
 17255 | D:14     | 17255 ||| Stepping ~*~*~tactically~*~*~ (stealth).
 17322 | D:14     | Found a hide-covered altar of Uskayaw.
 17413 | D:14     | 17413 ||| INVOKING Heroism.
 17464 | D:14     | 17464 ||| Stepping ~*~*~tactically~*~*~ (hiding).
 17466 | D:14     | 17466 ||| Stepping ~*~*~tactically~*~*~ (hiding).
 17586 | D:14     | 17586 ||| Stepping ~*~*~tactically~*~*~ (hiding).
 17733 | D:14     | Received a gift from Okawaru
 18122 | D:14     | 18122 ||| DROPPING amulet of the acrobat.
 18136 | D:15     | Entered Level 15 of the Dungeon
 18137 | D:15     | 18137 ||| INVOKING Heroism.
 18186 | D:15     | Found a transporter.
 18193 | D:15     | Found a transporter.
 18324 | D:15     | 18324 ||| Stepping ~*~*~tactically~*~*~ (stealth).
 18328 | D:15     | 18328 ||| Stepping ~*~*~tactically~*~*~ (hiding).
 18329 | D:15     | 18329 ||| INVOKING Heroism.
 18331 | D:15     | Received a gift from Okawaru
 18338 | D:15     | 18338 ||| INVOKING Finesse.
 18342 | D:15     | Reached XP level 16. HP: 103/103 MP: 16/23
 18353 | D:15     | Reached skill level 13 in Fighting
 18433 | D:15     | Received a gift from Okawaru
 18456 | D:15     | 18456 ||| Stepping ~*~*~tactically~*~*~ (hiding).
 18458 | D:15     | 18458 ||| Stepping ~*~*~tactically~*~*~ (hiding).
 18466 | D:15     | 18466 ||| INVOKING Heroism.
 18470 | D:15     | 18470 ||| Stepping ~*~*~tactically~*~*~ (stealth).
 18517 | D:15     | 18517 ||| Stepping ~*~*~tactically~*~*~ (stealth).
 18520 | D:15     | 18520 ||| Stepping ~*~*~tactically~*~*~ (stealth).
 18522 | D:15     | 18522 ||| INVOKING Heroism.
 18523 | D:15     | 18523 ||| INVOKING Finesse.
 18551 | D:15     | Received a gift from Okawaru
 18595 | D:15     | Found a staircase to the Depths.
 18806 | D:15     | Reached skill level 12 in Armour
 18947 | D:15     | 18947 ||| PLANNING ORC
 19043 | Orc:1    | Entered Level 1 of the Orcish Mines
 19045 | Orc:1    | 19045 ||| INVOKING Heroism.
 19059 | Orc:1    | Received a gift from Okawaru
 19169 | Orc:2    | Entered Level 2 of the Orcish Mines
 19223 | Orc:2    | Found an iron altar of Okawaru.
 19227 | Orc:2    | Found Alodiggig's Antique Armour Shop.
 19237 | Orc:2    | 19237 ||| BUYING runed cloak (247 gold).
 19237 | Orc:2    | Bought a runed cloak for 247 gold pieces
 19237 | Orc:2    | 19237 ||| BUYING shiny helmet (247 gold).
 19237 | Orc:2    | Bought a shiny helmet for 247 gold pieces
 19317 | Orc:2    | 19317 ||| Stepping ~*~*~tactically~*~*~ (stealth).
 19318 | Orc:2    | 19318 ||| Stepping ~*~*~tactically~*~*~ (hiding).
 19332 | Orc:2    | 19332 ||| UPGRADING to +1 cloak.
 19337 | Orc:2    | 19337 ||| DROPPING +1 helmet.
 19344 | Orc:1    | 19344 ||| INVOKING Heroism.
 19445 | Orc:1    | 19445 ||| Stepping ~*~*~tactically~*~*~ (stealth).
 19446 | Orc:1    | 19446 ||| Stepping ~*~*~tactically~*~*~ (stealth).
 19660 | Orc:1    | 19660 ||| Stepping ~*~*~tactically~*~*~ (hiding).
 19845 | Orc:2    | Found a staircase to the Elven Halls.
 19959 | Orc:2    | 19959 ||| INVOKING Heroism.
 19965 | Orc:2    | 19965 ||| Stepping ~*~*~tactically~*~*~ (hiding).
 19978 | Orc:2    | 19978 ||| INVOKING Heroism.
 20014 | Orc:2    | Found Cawyha's General Store.
 20014 | Orc:2    | Found Qiuzifeh's Distillery.
 20014 | Orc:2    | Found Monupamm's Distillery.
 20030 | Orc:2    | 20030 ||| DROPPING +7 eveningstar.
 20059 | Orc:2    | Found Rupylaed's Antique Weapon Emporium.
 20068 | Orc:2    | 20068 ||| BUYING potion of curing (51 gold).
 20068 | Orc:2    | Bought a potion of curing for 51 gold pieces
 20069 | Orc:2    | 20069 ||| BUYING potion of heal wounds (70 gold).
 20069 | Orc:2    | Bought a potion of heal wounds for 70 gold pieces
 20069 | Orc:2    | 20069 ||| BUYING potion of lignification (42 gold).
 20069 | Orc:2    | Bought a potion of lignification for 42 gold pieces
 20069 | Orc:2    | 20069 ||| BUYING potion of mutation (112 gold).
 20069 | Orc:2    | Bought a potion of mutation for 112 gold pieces
 20069 | Orc:2    | 20069 ||| BUYING potion of resistance (140 gold).
 20069 | Orc:2    | Bought a potion of resistance for 140 gold pieces
 20070 | Orc:2    | 20070 ||| BUYING 2 potions of curing (72 gold).
 20070 | Orc:2    | Bought 2 potions of curing for 72 gold pieces
 20070 | Orc:2    | 20070 ||| BUYING 2 potions of curing (72 gold).
 20070 | Orc:2    | Bought 2 potions of curing for 72 gold pieces
 20070 | Orc:2    | 20070 ||| BUYING potion of curing (36 gold).
 20070 | Orc:2    | Bought a potion of curing for 36 gold pieces
 20070 | Orc:2    | 20070 ||| BUYING potion of lignification (36 gold).
 20070 | Orc:2    | Bought a potion of lignification for 36 gold pieces
 20070 | Orc:2    | 20070 ||| SHOPLISTING potion of mutation (96 gold, have
                  | 84).
 20348 | Orc:2    | Found Bidabb's Distillery.
 20359 | Orc:2    | 20359 ||| BUYING potion of curing (33 gold).
 20359 | Orc:2    | Bought a potion of curing for 33 gold pieces
 20359 | Orc:2    | 20359 ||| BUYING potion of curing (33 gold).
 20359 | Orc:2    | Bought a potion of curing for 33 gold pieces
 20359 | Orc:2    | 20359 ||| BUYING potion of curing (33 gold).
 20359 | Orc:2    | Bought a potion of curing for 33 gold pieces
 20359 | Orc:2    | 20359 ||| BUYING potion of heal wounds (55 gold).
 20359 | Orc:2    | Bought a potion of heal wounds for 55 gold pieces
 20359 | Orc:2    | 20359 ||| BUYING potion of heal wounds (55 gold).
 20359 | Orc:2    | Bought a potion of heal wounds for 55 gold pieces
 20359 | Orc:2    | 20359 ||| SHOPLISTING potion of magic (88 gold, have 74).
 20411 | Orc:2    | Found Batrorua's General Store.
 20429 | Orc:2    | 20429 ||| BUYING potion of heal wounds (50 gold).
 20429 | Orc:2    | Bought a potion of heal wounds for 50 gold pieces
 20496 | Orc:2    | 20496 ||| PLANNING SNAKE:1-3
 20600 | Snake:1  | Entered Level 1 of the Snake Pit
 20601 | Snake:1  | 20601 ||| Stepping ~*~*~tactically~*~*~ (hiding).
 20623 | Snake:1  | 20623 ||| Stepping ~*~*~tactically~*~*~ (stealth).
 20625 | Snake:1  | 20625 ||| Stepping ~*~*~tactically~*~*~ (hiding).
 20626 | Snake:1  | 20626 ||| INVOKING Heroism.
 20642 | Snake:1  | Received a gift from Okawaru
 20678 | Snake:1  | 20678 ||| INVOKING Heroism.
 20688 | Snake:1  | HP: 22/104 [naga sharpshooter/bolt (14)]
 20689 | Snake:1  | 20689 ||| READING 10 scrolls of teleportation.
 20690 | Snake:1  | 20690 ||| DRINKING 8 potions of heal wounds.
 20697 | Snake:1  | 20697 ||| Stepping ~*~*~tactically~*~*~ (hiding).
 20702 | Snake:1  | 20702 ||| Stepping ~*~*~tactically~*~*~ (hiding).
 20704 | Snake:1  | 20704 ||| Stepping ~*~*~tactically~*~*~ (hiding).
 20706 | Snake:1  | 20706 ||| Stepping ~*~*~tactically~*~*~ (hiding).
 20714 | Snake:1  | 20714 ||| INVOKING Heroism.
 20727 | Snake:1  | Received a gift from Okawaru
 20744 | Snake:1  | 20744 ||| Stepping ~*~*~tactically~*~*~ (stealth).
 20762 | Snake:1  | Reached skill level 14 in Fighting
 20772 | Snake:1  | 20772 ||| READING scroll of enchant armour.
 20772 | Snake:1  | 20772 ||| ENCHANTING +1 cloak.
 20800 | Snake:1  | 20800 ||| Stepping ~*~*~tactically~*~*~ (hiding).
 20802 | Snake:1  | 20802 ||| Stepping ~*~*~tactically~*~*~ (hiding).
 20804 | Snake:1  | 20804 ||| Stepping ~*~*~tactically~*~*~ (hiding).
 20805 | Snake:1  | 20805 ||| INVOKING Heroism.
 20943 | Snake:1  | Found Byiqipho's Jewellery Shop.
 20945 | Snake:1  | 20945 ||| SHOPLISTING +4 ring of protection (504 gold, have
                  | 157).
 20945 | Snake:1  | 20945 ||| SHOPLISTING +5 ring of evasion (504 gold, have
                  | 157).
 20945 | Snake:1  | 20945 ||| SHOPLISTING ring "Piaceb" {rC+ rCorr Int+2 Dex-3}
                  | (446 gold, have 157).
 21041 | Snake:1  | Noticed Agnes
 21042 | Snake:1  | 21042 ||| INVOKING Heroism.
 21043 | Snake:1  | 21043 ||| INVOKING Finesse.
 21056 | Snake:1  | Killed Agnes
 21068 | Snake:1  | Received a gift from Okawaru
 21167 | Snake:1  | 21167 ||| Stepping ~*~*~tactically~*~*~ (hiding).
 21170 | Snake:1  | 21170 ||| Stepping ~*~*~tactically~*~*~ (hiding).
 21172 | Snake:1  | 21172 ||| INVOKING Heroism.
 21176 | Snake:1  | 21176 ||| Stepping ~*~*~tactically~*~*~ (hiding).
 21220 | Snake:1  | You are sucked into a shaft and drop 1 floor!
 21322 | Snake:1  | 21322 ||| Stepping ~*~*~tactically~*~*~ (hiding).
 21324 | Snake:1  | 21324 ||| Stepping ~*~*~tactically~*~*~ (hiding).
 21852 | Snake:2  | Noticed a nagaraja
 21853 | Snake:2  | 21853 ||| INVOKING Heroism.
 21867 | Snake:2  | Killed a nagaraja
 21867 | Snake:2  | Received a gift from Okawaru
 22380 | Snake:2  | Noticed a nagaraja
 22381 | Snake:2  | 22381 ||| INVOKING Heroism.
 22395 | Snake:2  | Killed a nagaraja
 22519 | Snake:2  | 22519 ||| Stepping ~*~*~tactically~*~*~ (hiding).
 22532 | Snake:2  | 22532 ||| INVOKING Heroism.
 22626 | Snake:2  | 22626 ||| DROPPING +2 hat.
 22627 | Snake:2  | 22627 ||| UPGRADING to +1 kite shield of positive energy.
 22637 | Snake:2  | 22637 ||| DROPPING +0 kite shield.
 22677 | Snake:3  | Found Ocimud's General Store.
 22678 | Snake:3  | 22678 ||| INVOKING Heroism.
 22685 | Snake:3  | Reached XP level 17. HP: 110/111 MP: 22/24
 22700 | Snake:3  | 22700 ||| BUYING potion of attraction (51 gold).
 22700 | Snake:3  | Bought a potion of attraction for 51 gold pieces
 22732 | Snake:3  | Found Pemmoxzu's Book Shop.
 22808 | Snake:3  | 22808 ||| INVOKING Heroism.
 22824 | Snake:3  | Received a gift from Okawaru
 22903 | Snake:3  | Found Ciepued's General Store.
 22904 | Snake:3  | 22904 ||| Stepping ~*~*~tactically~*~*~ (hiding).
 22944 | Snake:3  | 22944 ||| Stepping ~*~*~tactically~*~*~ (stealth).
 22946 | Snake:3  | 22946 ||| Stepping ~*~*~tactically~*~*~ (hiding).
 22948 | Snake:3  | 22948 ||| Stepping ~*~*~tactically~*~*~ (hiding).
 22953 | Snake:3  | 22953 ||| Stepping ~*~*~tactically~*~*~ (hiding).
 22984 | Snake:3  | 22984 ||| Stepping ~*~*~tactically~*~*~ (stealth).
 22985 | Snake:3  | 22985 ||| BUYING potion of heal wounds (75 gold).
 22985 | Snake:3  | Bought a potion of heal wounds for 75 gold pieces
 22986 | Snake:3  | 22986 ||| Stepping ~*~*~tactically~*~*~ (hiding).
 22990 | Snake:3  | 22990 ||| INVOKING Heroism.
 23021 | Snake:3  | 23021 ||| READING scroll of enchant weapon.
 23021 | Snake:3  | 23021 ||| ENCHANTING +0 vampiric war axe.
 23034 | Snake:3  | Found Kesmask's Antique Weapon Shoppe.
 23036 | Snake:3  | 23036 ||| Stepping ~*~*~tactically~*~*~ (hiding).
 23038 | Snake:3  | 23038 ||| Stepping ~*~*~tactically~*~*~ (hiding).
 23041 | Snake:3  | 23041 ||| Stepping ~*~*~tactically~*~*~ (hiding).
 23100 | Snake:3  | 23100 ||| Stepping ~*~*~tactically~*~*~ (stealth).
 23108 | Snake:3  | 23108 ||| Stepping ~*~*~tactically~*~*~ (hiding).
 23109 | Snake:3  | 23109 ||| Stepping ~*~*~tactically~*~*~ (hiding).
 23113 | Snake:3  | 23113 ||| INVOKING Heroism.
 23151 | Snake:3  | Identified the +7 chain mail of Vlad {rF- Dex+6}
 23418 | Snake:3  | 23418 ||| PLANNING SHOALS:1-3
 23418 | Snake:3  | 23418 ||| DROPPING +1 plate armour "Pakucwic" {rF- Dex+5}.
 23419 | Snake:3  | 23419 ||| DROPPING +0 pair of boots of flying.
 23420 | Snake:3  | 23420 ||| UPGRADING to +7 chain mail of Vlad {rF- Dex+6}.
 23547 | Shoals:1 | Entered Level 1 of the Shoals
 23554 | Shoals:1 | 23554 ||| INVOKING Heroism.
 23564 | Shoals:1 | Received a gift from Okawaru
 23585 | Shoals:1 | Reached skill level 6 in Dodging
 23669 | Shoals:1 | 23669 ||| Stepping ~*~*~tactically~*~*~ (hiding).
 23671 | Shoals:1 | 23671 ||| Stepping ~*~*~tactically~*~*~ (hiding).
 23688 | Shoals:1 | 23688 ||| Stepping ~*~*~tactically~*~*~ (hiding).
 23690 | Shoals:1 | 23690 ||| Stepping ~*~*~tactically~*~*~ (hiding).
 23691 | Shoals:1 | 23691 ||| Stepping ~*~*~tactically~*~*~ (hiding).
 23692 | Shoals:1 | 23692 ||| Stepping ~*~*~tactically~*~*~ (hiding).
 23841 | Shoals:1 | 23841 ||| INVOKING Heroism.
 23965 | Shoals:1 | 23965 ||| Stepping ~*~*~tactically~*~*~ (hiding).
 23993 | Shoals:1 | 23993 ||| Stepping ~*~*~tactically~*~*~ (hiding).
 23995 | Shoals:1 | 23995 ||| Stepping ~*~*~tactically~*~*~ (hiding).
 24002 | Shoals:1 | 24002 ||| Stepping ~*~*~tactically~*~*~ (hiding).
 24244 | Shoals:1 | 24244 ||| INVOKING Heroism.
 24379 | Shoals:1 | 24379 ||| INVOKING Heroism.
 24380 | Shoals:1 | 24380 ||| INVOKING Finesse.
 24434 | Shoals:1 | Found Koim's Armour Boutique.
 24442 | Shoals:1 | 24442 ||| SHOPLISTING +0 plate armour of Uzith {rElec rPois
                  | rC++ Dex-2} (981 gold, have 323).
 24444 | Shoals:1 | Identified Roxanne's Octavo of the Xenotype
 24444 | Shoals:1 | Noticed Roxanne
 24445 | Shoals:1 | 24445 ||| INVOKING Heroism.
 24446 | Shoals:1 | 24446 ||| INVOKING Finesse.
 24460 | Shoals:1 | Killed Roxanne
 24796 | Shoals:2 | Reached skill level 15 in Fighting
 24796 | Shoals:2 | Noticed Aizul
 24797 | Shoals:2 | 24797 ||| INVOKING Heroism.
 24812 | Shoals:2 | Killed Aizul
 24846 | Shoals:2 | Noticed Polyphemus
 24848 | Shoals:2 | 24848 ||| INVOKING Heroism.
 24881 | Shoals:2 | Killed Polyphemus
 24889 | Shoals:2 | 24889 ||| Stepping ~*~*~tactically~*~*~ (stealth).
 24893 | Shoals:2 | 24893 ||| Stepping ~*~*~tactically~*~*~ (stealth).
 24901 | Shoals:2 | 24901 ||| Stepping ~*~*~tactically~*~*~ (hiding).
 24948 | Shoals:2 | 24948 ||| INVOKING Heroism.
 25034 | Shoals:2 | Noticed Ilsuiw
 25035 | Shoals:2 | 25035 ||| INVOKING Heroism.
 25097 | Shoals:2 | 25097 ||| INVOKING Heroism.
 25103 | Shoals:2 | Received a gift from Okawaru
 25143 | Shoals:2 | 25143 ||| Invisibility monster not found???
 25155 | Shoals:2 | Killed Ilsuiw
 25181 | Shoals:2 | Found Veuk's Book Emporium.
 25223 | Shoals:2 | Found Duiguz's Weapon Emporium.
 25239 | Shoals:2 | 25239 ||| SHOPLISTING +9 war axe of Diawux {pain, rElec rF+
                  | rC- Dex+5} (1173 gold, have 361).
 25280 | Shoals:2 | Found Zoinunn's Antique Weapon Shoppe.
 25284 | Shoals:2 | 25284 ||| BUYING runed broad axe (259 gold).
 25284 | Shoals:2 | Bought a runed broad axe for 259 gold pieces
 25284 | Shoals:2 | 25284 ||| DROPPING +2 antimagic broad axe.
 25385 | Shoals:2 | Received a gift from Okawaru
 25429 | Shoals:2 | 25429 ||| INVOKING Heroism.
 25432 | Shoals:2 | Reached skill level 15 in Shields
 25586 | Shoals:2 | 25586 ||| Stepping ~*~*~tactically~*~*~ (hiding).
 25589 | Shoals:2 | 25589 ||| INVOKING Heroism.
 25591 | Shoals:2 | 25591 ||| Stepping ~*~*~tactically~*~*~ (cloud).
 25592 | Shoals:2 | 25592 ||| Stepping ~*~*~tactically~*~*~ (cloud).
 25594 | Shoals:2 | 25594 ||| Stepping ~*~*~tactically~*~*~ (cloud).
 25595 | Shoals:2 | 25595 ||| Stepping ~*~*~tactically~*~*~ (cloud).
 25598 | Shoals:2 | 25598 ||| Stepping ~*~*~tactically~*~*~ (cloud).
 25662 | Shoals:2 | Noticed a titan
 25663 | Shoals:2 | 25663 ||| INVOKING Heroism.
 25666 | Shoals:2 | 25666 ||| Stepping ~*~*~tactically~*~*~ (cloud).
 25674 | Shoals:2 | 25674 ||| Stepping ~*~*~tactically~*~*~ (cloud).
 25706 | Shoals:2 | 25706 ||| INVOKING Heroism.
 25710 | Shoals:2 | Killed a titan
 25711 | Shoals:2 | Reached XP level 18. HP: 94/119 MP: 22/25
 25732 | Shoals:2 | 25732 ||| DROPPING +0 broad axe of flaming.
 25974 | Shoals:3 | 25974 ||| INVOKING Heroism.
 26168 | Shoals:3 | 26168 ||| INVOKING Heroism.
 26319 | Shoals:3 | 26319 ||| INVOKING Heroism.
 26376 | Shoals:3 | 26376 ||| Stepping ~*~*~tactically~*~*~ (hiding).
 26693 | Shoals:3 | 26693 ||| PLANNING SNAKE:4
 26833 | Snake:4  | Entered Level 4 of the Snake Pit
 26858 | Snake:4  | 26858 ||| Stepping ~*~*~tactically~*~*~ (hiding).
 26859 | Snake:4  | 26859 ||| Stepping ~*~*~tactically~*~*~ (hiding).
 26862 | Snake:4  | 26862 ||| INVOKING Heroism.
 26874 | Snake:4  | Reached skill level 16 in Fighting
 26910 | Snake:4  | 26910 ||| INVOKING Heroism.
 26953 | Snake:4  | Identified the +9 dagger "Yriep" {speed, rF++ Will-}
 27161 | Snake:4  | 27161 ||| Stepping ~*~*~tactically~*~*~ (hiding).
 27162 | Snake:4  | 27162 ||| Stepping ~*~*~tactically~*~*~ (hiding).
 27165 | Snake:4  | 27165 ||| Stepping ~*~*~tactically~*~*~ (hiding).
 27167 | Snake:4  | 27167 ||| Stepping ~*~*~tactically~*~*~ (hiding).
 27168 | Snake:4  | 27168 ||| Stepping ~*~*~tactically~*~*~ (hiding).
 27300 | Snake:4  | 27300 ||| INVOKING Heroism.
 27335 | Snake:4  | HP: 22/122 [salamander tyrant/flame surge (24)]
 27336 | Snake:4  | 27336 ||| READING 10 scrolls of teleportation.
 27337 | Snake:4  | 27337 ||| DRINKING 9 potions of heal wounds.
 27478 | Snake:4  | 27478 ||| INVOKING Heroism.
 27480 | Snake:4  | Reached skill level 17 in Fighting
 27493 | Snake:4  | Received a gift from Okawaru
 27516 | Snake:4  | 27516 ||| INVOKING Heroism.
 27653 | Snake:4  | Found Mialesal's Magic Scroll Shop.
 27656 | Snake:4  | 27656 ||| BUYING scroll of enchant armour (150 gold).
 27656 | Snake:4  | Bought a scroll of enchant armour for 150 gold pieces
 27656 | Snake:4  | 27656 ||| SHOPLISTING scroll of enchant weapon (150 gold,
                  | have 79).
 27751 | Snake:4  | 27751 ||| Stepping ~*~*~tactically~*~*~ (hiding).
 27756 | Snake:4  | 27756 ||| INVOKING Heroism.
 27870 | Snake:4  | 27870 ||| INVOKING Heroism.
 27956 | Snake:4  | 27956 ||| Stepping ~*~*~tactically~*~*~ (stealth).
 27957 | Snake:4  | 27957 ||| Stepping ~*~*~tactically~*~*~ (stealth).
 27969 | Snake:4  | 27969 ||| Stepping ~*~*~tactically~*~*~ (hiding).
 27971 | Snake:4  | 27971 ||| Stepping ~*~*~tactically~*~*~ (hiding).
 27972 | Snake:4  | 27972 ||| Stepping ~*~*~tactically~*~*~ (hiding).
 27973 | Snake:4  | 27973 ||| Stepping ~*~*~tactically~*~*~ (hiding).
 27992 | Snake:4  | 27992 ||| INVOKING Heroism.
 28074 | Snake:4  | Reached skill level 9 in Dodging
 28133 | Snake:4  | 28133 ||| INVOKING Heroism.
 28147 | Snake:4  | Received a gift from Okawaru
 28187 | Snake:4  | 28187 ||| Stepping ~*~*~tactically~*~*~ (stealth).
 28289 | Snake:4  | Got a serpentine rune of Zot
 28417 | Snake:4  | 28417 ||| READING scroll of enchant weapon.
 28417 | Snake:4  | 28417 ||| ENCHANTING +1 vampiric war axe.
 28533 | Snake:4  | Found Ynutz's Jewellery Shop.
 28533 | Snake:4  | Found Fesul's Book Emporium.
 28534 | Snake:4  | Found Legi's Jewellery Shop.
 28539 | Snake:4  | 28539 ||| SHOPLISTING +4 ring of protection (684 gold, have
                  | 96).
 28539 | Snake:4  | 28539 ||| SHOPLISTING +6 ring of strength (684 gold, have
                  | 96).
 28539 | Snake:4  | 28539 ||| SHOPLISTING ring of resist corrosion (380 gold,
                  | have 96).
 28543 | Snake:4  | 28543 ||| SHOPLISTING +4 ring of slaying (1482 gold, have
                  | 96).
 28543 | Snake:4  | 28543 ||| SHOPLISTING +5 ring of evasion (684 gold, have
                  | 96).
 28543 | Snake:4  | 28543 ||| SHOPLISTING ring of Xoptunam {rF+ rCorr} (646
                  | gold, have 96).
 28543 | Snake:4  | 28543 ||| SHOPLISTING ring of protection from fire (475
                  | gold, have 96).
 28626 | Snake:4  | 28626 ||| PLANNING VAULTS:1-4
 28626 | Snake:4  | 28626 ||| UPGRADING to +1 kite shield of protection.
 28636 | Snake:4  | 28636 ||| DROPPING +1 kite shield of positive energy.
 28883 | Vaults:1 | Entered Level 1 of the Vaults
 28884 | Vaults:1 | 28884 ||| Stepping ~*~*~tactically~*~*~ (hiding).
 28885 | Vaults:1 | 28885 ||| Stepping ~*~*~tactically~*~*~ (hiding).
 28956 | Vaults:1 | 28956 ||| Stepping ~*~*~tactically~*~*~ (stealth).
 28981 | Vaults:1 | 28981 ||| Stepping ~*~*~tactically~*~*~ (stealth).
 28982 | Vaults:1 | 28982 ||| Stepping ~*~*~tactically~*~*~ (stealth).
 29018 | Vaults:1 | 29018 ||| INVOKING Heroism.
 29019 | Vaults:1 | 29019 ||| INVOKING Finesse.
 29073 | Vaults:1 | 29073 ||| Stepping ~*~*~tactically~*~*~ (stealth).
 29250 | Vaults:1 | 29250 ||| INVOKING Heroism.
 29251 | Vaults:1 | 29251 ||| INVOKING Finesse.
 29263 | Vaults:1 | Reached skill level 18 in Fighting
 29275 | Vaults:1 | Reached XP level 19. HP: 110/130 MP: 20/26
 29279 | Vaults:1 | Received a gift from Okawaru
 29452 | Vaults:1 | Noticed an ancient lich
 29453 | Vaults:1 | 29453 ||| Stepping ~*~*~tactically~*~*~ (hiding).
 29454 | Vaults:1 | 29454 ||| Stepping ~*~*~tactically~*~*~ (hiding).
 29456 | Vaults:1 | 29456 ||| Stepping ~*~*~tactically~*~*~ (hiding).
 29457 | Vaults:1 | 29457 ||| INVOKING Heroism.
 29458 | Vaults:1 | 29458 ||| INVOKING Finesse.
 29483 | Vaults:1 | Killed an ancient lich
 29530 | Vaults:1 | Reached skill level 15 in Armour
 29545 | Vaults:1 | 29545 ||| Stepping ~*~*~tactically~*~*~ (stealth).
 29547 | Vaults:1 | Received a gift from Okawaru
 29629 | Vaults:1 | Identified the +2 pair of boots of the Wary Loafs {Str+3
                  | Int+3 Dex+2} (Okawaru gifted it to you on level 1 of the
                  | Vaults)
 29629 | Vaults:1 | Received a gift from Okawaru
 29826 | Vaults:1 | Reached skill level 9 in Throwing
 29845 | Vaults:1 | 29845 ||| INVOKING Heroism.
 29846 | Vaults:1 | 29846 ||| INVOKING Finesse.
 30076 | Vaults:1 | 30076 ||| Stepping ~*~*~tactically~*~*~ (stealth).
 30103 | Vaults:1 | 30103 ||| READING scroll of enchant weapon.
 30103 | Vaults:1 | 30103 ||| ENCHANTING +2 vampiric war axe.
 30180 | Vaults:1 | 30180 ||| UPGRADING to +2 tower shield.
 30190 | Vaults:1 | 30190 ||| DROPPING +1 kite shield of protection.
 30191 | Vaults:1 | 30191 ||| UPGRADING to +2 pair of boots of the Wary Loafs
                  | {Str+3 Int+3 Dex+2}.
 30201 | Vaults:1 | 30201 ||| UPGRADING to scarf of resistance.
 30315 | Vaults:2 | 30315 ||| Stepping ~*~*~tactically~*~*~ (hiding).
 30328 | Vaults:2 | 30328 ||| Stepping ~*~*~tactically~*~*~ (hiding).
 30330 | Vaults:2 | 30330 ||| Stepping ~*~*~tactically~*~*~ (hiding).
 30331 | Vaults:2 | 30331 ||| Stepping ~*~*~tactically~*~*~ (hiding).
 30485 | Vaults:2 | 30485 ||| Stepping ~*~*~tactically~*~*~ (stealth).
 30574 | Vaults:2 | 30574 ||| Stepping ~*~*~tactically~*~*~ (stealth).
 30799 | Vaults:2 | 30799 ||| Stepping ~*~*~tactically~*~*~ (hiding).
 30840 | Vaults:2 | 30840 ||| Stepping ~*~*~tactically~*~*~ (hiding).
 30842 | Vaults:2 | 30842 ||| Stepping ~*~*~tactically~*~*~ (hiding).
 30952 | Vaults:2 | Received a gift from Okawaru
 30976 | Vaults:2 | 30976 ||| INVOKING Heroism.
 30997 | Vaults:2 | Reached skill level 18 in Shields
 31327 | Vaults:2 | Found Folui's Assorted Antiques.
 31331 | Vaults:2 | 31331 ||| SHOPLISTING distressingly furry plate armour (728
                  | gold, have 514).
 31331 | Vaults:2 | 31331 ||| BUYING potion of lignification (78 gold).
 31331 | Vaults:2 | Bought a potion of lignification for 78 gold pieces
 31401 | Vaults:2 | 31401 ||| DROPPING +1 plate armour.
 31402 | Vaults:2 | 31402 ||| DROPPING +0 chain mail of Lucidity {rF+}.
 31403 | Vaults:2 | 31403 ||| UPGRADING to +1 plate armour of fire resistance.
 31413 | Vaults:2 | 31413 ||| READING 2 scrolls of enchant armour.
 31413 | Vaults:2 | 31413 ||| ENCHANTING +1 plate armour of fire resistance.
 31414 | Vaults:2 | 31414 ||| READING scroll of enchant armour.
 31414 | Vaults:2 | 31414 ||| ENCHANTING +2 plate armour of fire resistance.
 31415 | Vaults:2 | 31415 ||| DROPPING amulet of regeneration.
 31462 | Vaults:3 | 31462 ||| INVOKING Heroism.
 31463 | Vaults:3 | 31463 ||| INVOKING Finesse.
 31529 | Vaults:3 | 31529 ||| INVOKING Heroism.
 31558 | Vaults:3 | 31558 ||| Stepping ~*~*~tactically~*~*~ (hiding).
 31559 | Vaults:3 | 31559 ||| Stepping ~*~*~tactically~*~*~ (hiding).
 31560 | Vaults:3 | 31560 ||| Stepping ~*~*~tactically~*~*~ (hiding).
 31561 | Vaults:3 | 31561 ||| Stepping ~*~*~tactically~*~*~ (hiding).
 31562 | Vaults:3 | 31562 ||| Stepping ~*~*~tactically~*~*~ (hiding).
 31604 | Vaults:3 | Received a gift from Okawaru
 31681 | Vaults:3 | Noticed Zenata
 31682 | Vaults:3 | 31682 ||| INVOKING Heroism.
 31709 | Vaults:3 | Killed Zenata
 31781 | Vaults:3 | 31781 ||| Stepping ~*~*~tactically~*~*~ (hiding).
 31799 | Vaults:3 | 31799 ||| INVOKING Heroism.
 31802 | Vaults:3 | Reached XP level 20. HP: 81/136 MP: 24/27
 31860 | Vaults:3 | 31860 ||| Stepping ~*~*~tactically~*~*~ (hiding).
 31928 | Vaults:3 | 31928 ||| Stepping ~*~*~tactically~*~*~ (hiding).
 31933 | Vaults:3 | 31933 ||| Stepping ~*~*~tactically~*~*~ (hiding).
 31934 | Vaults:3 | 31934 ||| Stepping ~*~*~tactically~*~*~ (hiding).
 31941 | Vaults:3 | Received a gift from Okawaru
 32079 | Vaults:3 | 32079 ||| Stepping ~*~*~tactically~*~*~ (hiding).
 32152 | Vaults:3 | 32152 ||| Stepping ~*~*~tactically~*~*~ (stealth).
 32154 | Vaults:3 | 32154 ||| Stepping ~*~*~tactically~*~*~ (stealth).
 32183 | Vaults:3 | Received a gift from Okawaru
 32220 | Vaults:3 | 32220 ||| Stepping ~*~*~tactically~*~*~ (stealth).
 32331 | Vaults:3 | 32331 ||| Stepping ~*~*~tactically~*~*~ (hiding).
 32334 | Vaults:3 | 32334 ||| Stepping ~*~*~tactically~*~*~ (hiding).
 32445 | Vaults:3 | Found Yssasib's Antique Armour Shoppe.
 32459 | Vaults:3 | 32459 ||| BUYING runed chain mail (210 gold).
 32459 | Vaults:3 | Bought a runed chain mail for 210 gold pieces
 32497 | Vaults:3 | Received a gift from Okawaru
 32810 | Vaults:3 | Found a staircase to the Crypt.
 33056 | Vaults:3 | 33056 ||| UPGRADING to +3 pair of boots "Forget-Me-Not"
                  | {rN+ Str+3 Stlth+}.
 33066 | Vaults:3 | 33066 ||| DROPPING +3 chain mail of fire resistance.
 33067 | Vaults:3 | 33067 ||| DROPPING +2 helmet.
 33068 | Vaults:3 | 33068 ||| DROPPING +2 pair of boots of the Wary Loafs
                  | {Str+3 Int+3 Dex+2}.
 33287 | Vaults:4 | 33287 ||| Stepping ~*~*~tactically~*~*~ (stealth).
 33289 | Vaults:4 | Noticed Boris
 33290 | Vaults:4 | 33290 ||| INVOKING Heroism.
 33324 | Vaults:4 | Killed Boris
 33429 | Vaults:4 | Found a runed translucent door.
 33429 | Vaults:4 | Noticed qw's ghost (adept MiHu)
 33507 | Vaults:4 | 33507 ||| INVOKING Heroism.
 33667 | Vaults:4 | Received a gift from Okawaru
 33820 | Vaults:4 | Received a gift from Okawaru
 33879 | Vaults:4 | Received a gift from Okawaru
 33931 | Vaults:4 | 33931 ||| Stepping ~*~*~tactically~*~*~ (hiding).
 33935 | Vaults:4 | 33935 ||| Stepping ~*~*~tactically~*~*~ (stealth).
 34046 | Vaults:4 | Found Qufuott's Antique Armour Shop.
 34047 | Vaults:4 | 34047 ||| Stepping ~*~*~tactically~*~*~ (hiding).
 34050 | Vaults:4 | 34050 ||| Stepping ~*~*~tactically~*~*~ (hiding).
 34057 | Vaults:4 | 34057 ||| Stepping ~*~*~tactically~*~*~ (hiding).
 34117 | Vaults:4 | 34117 ||| PLANNING SHOALS:4
 34431 | Shoals:4 | Entered Level 4 of the Shoals
 34445 | Shoals:4 | 34445 ||| INVOKING Heroism.
 34446 | Shoals:4 | 34446 ||| INVOKING Finesse.
 34629 | Shoals:4 | 34629 ||| INVOKING Heroism.
 34630 | Shoals:4 | 34630 ||| INVOKING Finesse.
 34637 | Shoals:4 | Identified the +6 mace "Jusiubepn" {elec, +Blink rC+ Will-
                  | Int+5}
 34668 | Shoals:4 | Received a gift from Okawaru
 34697 | Shoals:4 | 34697 ||| Stepping ~*~*~tactically~*~*~ (hiding).
 34732 | Shoals:4 | Received a gift from Okawaru
 34905 | Shoals:4 | 34905 ||| Stepping ~*~*~tactically~*~*~ (stealth).
 34923 | Shoals:4 | Reached XP level 21. HP: 116/142 MP: 28/28
 34929 | Shoals:4 | 34929 ||| INVOKING Heroism.
 35049 | Shoals:4 | 35049 ||| Stepping ~*~*~tactically~*~*~ (stealth).
 35102 | Shoals:4 | Reached skill level 19 in Fighting
 35124 | Shoals:4 | Got a barnacled rune of Zot
 35237 | Shoals:4 | 35237 ||| Stepping ~*~*~tactically~*~*~ (hiding).
 35238 | Shoals:4 | 35238 ||| Stepping ~*~*~tactically~*~*~ (hiding).
 35269 | Shoals:4 | 35269 ||| Stepping ~*~*~tactically~*~*~ (stealth).
 35355 | Shoals:4 | 35355 ||| Stepping ~*~*~tactically~*~*~ (hiding).
 35356 | Shoals:4 | 35356 ||| Stepping ~*~*~tactically~*~*~ (hiding).
 35395 | Shoals:4 | 35395 ||| Stepping ~*~*~tactically~*~*~ (hiding).
 35423 | Shoals:4 | Identified the ring of Free Expression {Ice rPois Str-5
                  | SInv}
 35597 | Shoals:4 | 35597 ||| PLANNING DEPTHS
 35915 | Depths:1 | Entered Level 1 of the Depths
 35936 | Depths:1 | 35936 ||| Stepping ~*~*~tactically~*~*~ (stealth).
 36017 | Depths:1 | 36017 ||| INVOKING Heroism.
 36047 | Depths:1 | Noticed a golden dragon
 36048 | Depths:1 | 36048 ||| INVOKING Finesse.
 36061 | Depths:1 | Killed a golden dragon
 36122 | Depths:1 | 36122 ||| Stepping ~*~*~tactically~*~*~ (hiding).
 36241 | Depths:1 | 36241 ||| Stepping ~*~*~tactically~*~*~ (hiding).
 36297 | Depths:1 | Found Sixowos's One-of-a-Kind Books.
 36332 | Depths:1 | Found a one-way gate leading to the halls of Pandemonium.
 36495 | Depths:1 | Reached skill level 18 in Armour
 36531 | Depths:1 | 36531 ||| Stepping ~*~*~tactically~*~*~ (hiding).
 36534 | Depths:1 | Found a gateway to Hell.
 36564 | Depths:1 | 36564 ||| FLEEEEING.
 36565 | Depths:1 | 36565 ||| FLEEEEING.
 36566 | Depths:1 | 36566 ||| FLEEEEING.
 36567 | Depths:1 | 36567 ||| FLEEEEING.
 36568 | Depths:1 | 36568 ||| FLEEEEING.
 36569 | Depths:1 | 36569 ||| Stepping ~*~*~tactically~*~*~ (hiding).
 36570 | Depths:1 | 36570 ||| Stepping ~*~*~tactically~*~*~ (hiding).
 36612 | Depths:1 | 36612 ||| Stepping ~*~*~tactically~*~*~ (hiding).
 36670 | Depths:1 | 36670 ||| Stepping ~*~*~tactically~*~*~ (stealth).
 36742 | Depths:1 | Noticed Boris
 36743 | Depths:1 | 36743 ||| INVOKING Heroism.
 36748 | Depths:1 | 36748 ||| INVOKING Finesse.
 36820 | Depths:1 | 36820 ||| PLANNING DEPTHS
 36846 | Depths:1 | 36846 ||| INVOKING Heroism.
 36861 | Depths:1 | Killed Boris
 36947 | Depths:1 | 36947 ||| INVOKING Heroism.
 37207 | Depths:1 | Gained mutation: You are frail. (-10% HP) [mutagenic glow]
 37218 | Depths:1 | Gained mutation: You are clumsy. (Dex -2) [mutagenic glow]
 37231 | Depths:1 | Gained mutation: You occasionally shout uncontrollably at
                  | your foes. [mutagenic glow]
 37319 | Depths:1 | 37319 ||| DRINKING 8 potions of mutation.
 37319 | Depths:1 | Lost mutation: You are clumsy. (Dex -2) [potion of
                  | mutation]
 37319 | Depths:1 | Lost mutation: You occasionally shout uncontrollably at
                  | your foes. [potion of mutation]
 37319 | Depths:1 | Gained mutation: You occasionally lose the ability to drink
                  | potions when taking damage. [potion of mutation]
 37319 | Depths:1 | Gained mutation: You are very frail. (-20% HP) [potion of
                  | mutation]
 37319 | Depths:1 | Gained mutation: You have a pair of small horns on your
                  | head. [potion of mutation]
 37320 | Depths:1 | 37320 ||| DRINKING 7 potions of mutation.
 37320 | Depths:1 | Lost mutation: You occasionally lose the ability to drink
                  | potions when taking damage. [potion of mutation]
 37320 | Depths:1 | Lost mutation: You are very frail. (-20% HP) [potion of
                  | mutation]
 37320 | Depths:1 | Gained mutation: Your spells are a little easier to cast,
                  | but a little less powerful. [potion of mutation]
 37332 | Depths:1 | 37332 ||| DRINKING 6 potions of mutation.
 37332 | Depths:1 | Lost mutation: You are frail. (-10% HP) [potion of
                  | mutation]
 37332 | Depths:1 | Lost mutation: You have a pair of small horns on your head.
                  | [potion of mutation]
 37332 | Depths:1 | Lost mutation: Your spells are a little easier to cast, but
                  | a little less powerful. [potion of mutation]
 37332 | Depths:1 | Gained mutation: Your spells are a little harder to cast,
                  | but a little more powerful. [potion of mutation]
 37332 | Depths:1 | Gained mutation: Your mind is acute. (Int +4, Str/Dex -1)
                  | [potion of mutation]
 37366 | Depths:1 | 37366 ||| UPGRADING to +2 helmet.
 37416 | Depths:2 | 37416 ||| STAIRDANCE
 37431 | Depths:2 | 37431 ||| STAIRDANCE
 37458 | Depths:2 | 37458 ||| STAIRDANCE
 37485 | Depths:2 | 37485 ||| STAIRDANCE
 37516 | Depths:2 | 37516 ||| STAIRDANCE
 37543 | Depths:2 | 37543 ||| STAIRDANCE
 37562 | Depths:2 | 37562 ||| STAIRDANCE
 37580 | Depths:2 | 37580 ||| STAIRDANCE
 37599 | Depths:2 | 37599 ||| STAIRDANCE
 37632 | Depths:2 | 37632 ||| STAIRDANCE
 37680 | Depths:2 | 37680 ||| STAIRDANCE
 37753 | Depths:2 | 37753 ||| INVOKING Heroism.
 37754 | Depths:2 | 37754 ||| INVOKING Finesse.
 37823 | Depths:2 | 37823 ||| READING scroll of enchant armour.
 37823 | Depths:2 | 37823 ||| ENCHANTING +3 plate armour of fire resistance.
 37900 | Depths:2 | 37900 ||| Stepping ~*~*~tactically~*~*~ (hiding).
 37964 | Depths:2 | 37964 ||| Stepping ~*~*~tactically~*~*~ (hiding).
 37967 | Depths:2 | 37967 ||| INVOKING Heroism.
 38026 | Depths:2 | Received a gift from Okawaru
 38027 | Depths:2 | Reached skill level 20 in Fighting
 38044 | Depths:2 | 38044 ||| Stepping ~*~*~tactically~*~*~ (hiding).
 38114 | Depths:2 | Received a gift from Okawaru
 38141 | Depths:2 | 38141 ||| Stepping ~*~*~tactically~*~*~ (stealth).
 38142 | Depths:2 | 38142 ||| Stepping ~*~*~tactically~*~*~ (stealth).
 38143 | Depths:2 | 38143 ||| Stepping ~*~*~tactically~*~*~ (stealth).
 38144 | Depths:2 | 38144 ||| Stepping ~*~*~tactically~*~*~ (stealth).
 38303 | Depths:2 | 38303 ||| Stepping ~*~*~tactically~*~*~ (hiding).
 38331 | Depths:2 | Identified the +5 dagger "Kutuyl" {vamp, Fly rPois rC-
                  | Will+++}
 38344 | Depths:2 | Noticed a golden dragon
 38345 | Depths:2 | 38345 ||| Stepping ~*~*~tactically~*~*~ (hiding).
 38346 | Depths:2 | 38346 ||| INVOKING Heroism.
 38365 | Depths:2 | 38365 ||| INVOKING Finesse.
 38367 | Depths:2 | Killed a golden dragon
 38392 | Depths:2 | 38392 ||| READING scroll of enchant armour.
 38392 | Depths:2 | 38392 ||| ENCHANTING +4 plate armour of fire resistance.
 38403 | Depths:2 | Identified the +7 flail of the Histrionic God {freeze,
                  | Str+2}
 38409 | Depths:2 | 38409 ||| READING scroll of enchant weapon.
 38409 | Depths:2 | 38409 ||| ENCHANTING +3 vampiric war axe.
 38510 | Depths:2 | 38510 ||| INVOKING Heroism.
 38511 | Depths:2 | Received a gift from Okawaru
 38528 | Depths:2 | 38528 ||| INVOKING Finesse.
 38745 | Depths:2 | Received a gift from Okawaru
 38907 | Depths:2 | 38907 ||| Stepping ~*~*~tactically~*~*~ (hiding).
 38909 | Depths:2 | 38909 ||| INVOKING Finesse.
 38916 | Depths:2 | Reached XP level 22. HP: 152/152 MP: 23/29
 38939 | Depths:2 | Reached skill level 21 in Shields
 39013 | Depths:2 | 39013 ||| Invisibility monster not found???
 39176 | Depths:2 | 39176 ||| READING scroll of enchant weapon.
 39176 | Depths:2 | 39176 ||| ENCHANTING +4 vampiric war axe.
 39201 | Depths:2 | 39201 ||| INVOKING Finesse.
 39208 | Depths:2 | 39208 ||| INVOKING Heroism.
 39214 | Depths:2 | 39214 ||| Stepping ~*~*~tactically~*~*~ (hiding).
 39276 | Depths:2 | 39276 ||| DROPPING +2 heavy broad axe.
 39344 | Depths:2 | 39344 ||| READING 3 scrolls of enchant armour.
 39344 | Depths:2 | 39344 ||| ENCHANTING +5 plate armour of fire resistance.
 39345 | Depths:2 | 39345 ||| READING 2 scrolls of enchant armour.
 39345 | Depths:2 | 39345 ||| ENCHANTING +6 plate armour of fire resistance.
 39346 | Depths:2 | 39346 ||| READING scroll of enchant armour.
 39346 | Depths:2 | 39346 ||| ENCHANTING +7 plate armour of fire resistance.
 39357 | Depths:2 | 39357 ||| INVOKING Heroism.
 39375 | Depths:2 | Received a gift from Okawaru
 39387 | Depths:2 | 39387 ||| INVOKING Finesse.
 39430 | Depths:2 | 39430 ||| DROPPING +7 chain mail of Vlad {rF- Dex+6}.
 39503 | Depths:3 | 39503 ||| INVOKING Heroism.
 39504 | Depths:3 | 39504 ||| Stepping ~*~*~tactically~*~*~ (stealth).
 39511 | Depths:3 | Received a gift from Okawaru
 39535 | Depths:3 | Reached skill level 21 in Fighting
 39654 | Depths:3 | Found a one-way gate to the infinite horrors of the Abyss.
 39701 | Depths:3 | Received a gift from Okawaru
 39753 | Depths:3 | 39753 ||| Stepping ~*~*~tactically~*~*~ (hiding).
 39771 | Depths:3 | 39771 ||| Stepping ~*~*~tactically~*~*~ (hiding).
 39785 | Depths:3 | 39785 ||| Stepping ~*~*~tactically~*~*~ (hiding).
 39977 | Depths:3 | 39977 ||| Stepping ~*~*~tactically~*~*~ (stealth).
 39978 | Depths:3 | 39978 ||| Stepping ~*~*~tactically~*~*~ (stealth).
 39979 | Depths:3 | 39979 ||| Stepping ~*~*~tactically~*~*~ (stealth).
 39981 | Depths:3 | 39981 ||| Stepping ~*~*~tactically~*~*~ (hiding).
 39988 | Depths:3 | 39988 ||| INVOKING Heroism.
 40004 | Depths:3 | 40004 ||| INVOKING Finesse.
 40017 | Depths:3 | Received a gift from Okawaru
 40048 | Depths:3 | Found a runed translucent gate.
 40049 | Depths:3 | Found a runed translucent gate.
 40050 | Depths:3 | Found a runed translucent gate.
 40052 | Depths:3 | Noticed qw's ghost (veteran MiHu)
 40166 | Depths:3 | Found a one-way gateway to a ziggurat.
 40203 | Depths:3 | Identified the +10 crystal plate armour of Inevitability
                  | {rN++ Dex-3}
 40392 | Depths:3 | 40392 ||| UPGRADING to +10 crystal plate armour of
                  | Inevitability {rN++ Dex-3}.
 40402 | Depths:3 | 40402 ||| DROPPING +8 plate armour of fire resistance.
 40515 | Depths:3 | Found a hide-covered altar of Uskayaw.
 40516 | Depths:3 | 40516 ||| STAIRDANCE
 40638 | Depths:3 | 40638 ||| STAIRDANCE
 40823 | Depths:4 | Entered Level 4 of the Depths
 40826 | Depths:4 | 40826 ||| INVOKING Heroism.
 40827 | Depths:4 | 40827 ||| INVOKING Finesse.
 40899 | Depths:4 | 40899 ||| Stepping ~*~*~tactically~*~*~ (hiding).
 40917 | Depths:4 | 40917 ||| INVOKING Heroism.
 40921 | Depths:4 | Noticed a golden dragon
 40922 | Depths:4 | 40922 ||| INVOKING Finesse.
 40954 | Depths:4 | Killed a golden dragon
 40959 | Depths:4 | 40959 ||| Stepping ~*~*~tactically~*~*~ (hiding).
 41033 | Depths:4 | 41033 ||| Stepping ~*~*~tactically~*~*~ (hiding).
 41041 | Depths:4 | 41041 ||| INVOKING Heroism.
 41160 | Depths:4 | Found a bloodstained altar of Trog.
 41189 | Depths:4 | 41189 ||| INVOKING Finesse.
 41192 | Depths:4 | 41192 ||| Stepping ~*~*~tactically~*~*~ (hiding).
 41244 | Depths:4 | 41244 ||| Stepping ~*~*~tactically~*~*~ (hiding).
 41261 | Depths:4 | Reached skill level 21 in Armour
 41306 | Depths:4 | Noticed a juggernaut
 41307 | Depths:4 | 41307 ||| INVOKING Heroism.
 41321 | Depths:4 | Killed a juggernaut
 41365 | Depths:4 | 41365 ||| Stepping ~*~*~tactically~*~*~ (hiding).
 41461 | Depths:4 | 41461 ||| INVOKING Finesse.
 41547 | Depths:4 | 41547 ||| Stepping ~*~*~tactically~*~*~ (hiding).
 41759 | Depths:4 | Found a gate to the Realm of Zot.
 41766 | Depths:4 | 41766 ||| PLANNING VAULTS:5
 42047 | Vaults:5 | Entered Level 5 of the Vaults
 42048 | Vaults:5 | 42048 ||| INVOKING Heroism.
 42050 | Vaults:5 | Noticed a golden dragon
 42051 | Vaults:5 | 42051 ||| INVOKING Finesse.
 42059 | Vaults:5 | Reached XP level 23. HP: 160/160 MP: 23/30
 42066 | Vaults:5 | Received a gift from Okawaru
 42081 | Vaults:5 | Killed a golden dragon
 42099 | Vaults:5 | Received a gift from Okawaru
 42170 | Vaults:5 | 42170 ||| INVOKING Heroism.
 42171 | Vaults:5 | 42171 ||| INVOKING Finesse.
 42176 | Vaults:5 | 42176 ||| Stepping ~*~*~tactically~*~*~ (hiding).
 42228 | Vaults:5 | Noticed a golden dragon
 42229 | Vaults:5 | 42229 ||| Stepping ~*~*~tactically~*~*~ (hiding).
 42232 | Vaults:5 | 42232 ||| INVOKING Heroism.
 42247 | Vaults:5 | Killed a golden dragon
 42264 | Vaults:5 | 42264 ||| Stepping ~*~*~tactically~*~*~ (hiding).
 42265 | Vaults:5 | 42265 ||| Stepping ~*~*~tactically~*~*~ (hiding).
 42266 | Vaults:5 | 42266 ||| Stepping ~*~*~tactically~*~*~ (hiding).
 42281 | Vaults:5 | Received a gift from Okawaru
 42316 | Vaults:5 | 42316 ||| Stepping ~*~*~tactically~*~*~ (hiding).
 42326 | Vaults:5 | 42326 ||| INVOKING Heroism.
 42417 | Vaults:5 | Identified the +7 hand axe of Hospitality {freeze, rC+}
 42440 | Vaults:5 | 42440 ||| INVOKING Heroism.
 42441 | Vaults:5 | 42441 ||| INVOKING Finesse.
 42470 | Vaults:5 | 42470 ||| Stepping ~*~*~tactically~*~*~ (stealth).
 42480 | Vaults:5 | Identified the ring "Xanah" {rC+ Slay+2}
 42485 | Vaults:5 | 42485 ||| INVOKING Heroism.
 42514 | Vaults:5 | 42514 ||| Stepping ~*~*~tactically~*~*~ (hiding).
 42515 | Vaults:5 | 42515 ||| Stepping ~*~*~tactically~*~*~ (hiding).
 42525 | Vaults:5 | Reached skill level 12 in Throwing
 42529 | Vaults:5 | 42529 ||| Stepping ~*~*~tactically~*~*~ (hiding).
 42582 | Vaults:5 | 42582 ||| Stepping ~*~*~tactically~*~*~ (hiding).
 42584 | Vaults:5 | 42584 ||| INVOKING Heroism.
 42586 | Vaults:5 | 42586 ||| INVOKING Finesse.
 42635 | Vaults:5 | Got a silver rune of Zot
 42685 | Vaults:5 | 42685 ||| INVOKING Heroism.
 42800 | Vaults:5 | Received a gift from Okawaru
 42840 | Vaults:5 | Noticed an ancient lich
 42841 | Vaults:5 | 42841 ||| Stepping ~*~*~tactically~*~*~ (hiding).
 42843 | Vaults:5 | 42843 ||| Stepping ~*~*~tactically~*~*~ (hiding).
 42845 | Vaults:5 | 42845 ||| INVOKING Heroism.
 42862 | Vaults:5 | HP: 38/160 [something/crystal spear (29)]
 42863 | Vaults:5 | 42863 ||| READING 16 scrolls of teleportation.
 42864 | Vaults:5 | 42864 ||| DRINKING 10 potions of heal wounds.
 43008 | Vaults:5 | 43008 ||| INVOKING Heroism.
 43037 | Vaults:5 | 43037 ||| Stepping ~*~*~tactically~*~*~ (hiding).
 43070 | Vaults:5 | 43070 ||| Stepping ~*~*~tactically~*~*~ (stealth).
 43080 | Vaults:5 | 43080 ||| Stepping ~*~*~tactically~*~*~ (stealth).
 43083 | Vaults:5 | 43083 ||| INVOKING Heroism.
 43085 | Vaults:5 | 43085 ||| Stepping ~*~*~tactically~*~*~ (hiding).
 43086 | Vaults:5 | 43086 ||| Stepping ~*~*~tactically~*~*~ (hiding).
 43111 | Vaults:5 | 43111 ||| DRINKING 6 potions of resistance.
 43121 | Vaults:5 | 43121 ||| Stepping ~*~*~tactically~*~*~ (stealth).
 43122 | Vaults:5 | 43122 ||| Stepping ~*~*~tactically~*~*~ (stealth).
 43134 | Vaults:5 | Killed an ancient lich
 43148 | Vaults:5 | 43148 ||| Stepping ~*~*~tactically~*~*~ (hiding).
 43153 | Vaults:5 | 43153 ||| INVOKING Heroism.
 43179 | Vaults:5 | Identified the staff of earth "Luebacs" {Str+3 Int+3 Dex-2}
 43189 | Vaults:5 | 43189 ||| Stepping ~*~*~tactically~*~*~ (hiding).
 43196 | Vaults:5 | 43196 ||| INVOKING Heroism.
 43222 | Vaults:5 | Reached skill level 22 in Fighting
 43223 | Vaults:5 | 43223 ||| Stepping ~*~*~tactically~*~*~ (hiding).
 43245 | Vaults:5 | 43245 ||| INVOKING Heroism.
 43285 | Vaults:5 | 43285 ||| Stepping ~*~*~tactically~*~*~ (stealth).
 43288 | Vaults:5 | 43288 ||| Stepping ~*~*~tactically~*~*~ (hiding).
 43292 | Vaults:5 | 43292 ||| Stepping ~*~*~tactically~*~*~ (stealth).
 43407 | Vaults:5 | 43407 ||| INVOKING Heroism.
 43521 | Vaults:5 | 43521 ||| INVOKING Heroism.
 43675 | Vaults:5 | 43675 ||| INVOKING Heroism.
 43725 | Vaults:5 | 43725 ||| Stepping ~*~*~tactically~*~*~ (hiding).
 43734 | Vaults:5 | 43734 ||| Stepping ~*~*~tactically~*~*~ (stealth).
 43735 | Vaults:5 | 43735 ||| Stepping ~*~*~tactically~*~*~ (stealth).
 43738 | Vaults:5 | 43738 ||| Stepping ~*~*~tactically~*~*~ (stealth).
 43744 | Vaults:5 | 43744 ||| INVOKING Heroism.
 43757 | Vaults:5 | Identified the +0 ring mail of Purpose {rPois Will+ Slay+3}
 43895 | Vaults:5 | Identified the ring of Bannolil {rPois rF+ Str+4 Int-5
                  | Dex+2}
 43896 | Vaults:5 | 43896 ||| Stepping ~*~*~tactically~*~*~ (hiding).
 43910 | Vaults:5 | Noticed an ancient lich
 43911 | Vaults:5 | 43911 ||| INVOKING Heroism.
 43925 | Vaults:5 | Received a gift from Okawaru
 43947 | Vaults:5 | Killed an ancient lich
 43996 | Vaults:5 | Identified the +1 plate armour of the Cockroach {-Tele
                  | Rampage rElec Dex-5}
 44007 | Vaults:5 | 44007 ||| READING scroll of enchant weapon.
 44007 | Vaults:5 | 44007 ||| ENCHANTING +5 vampiric war axe.
 44015 | Vaults:5 | 44015 ||| INVOKING Heroism.
 44016 | Vaults:5 | 44016 ||| Stepping ~*~*~tactically~*~*~ (stealth).
 44041 | Vaults:5 | 44041 ||| Stepping ~*~*~tactically~*~*~ (hiding).
 44147 | Vaults:5 | 44147 ||| Stepping ~*~*~tactically~*~*~ (stealth).
 44283 | Vaults:5 | 44283 ||| PLANNING SHOPPING SPREE
 44283 | Vaults:5 | 44283 ||| DROPPING +1 hat of stealth.
 44284 | Vaults:5 | 44284 ||| DROPPING +1 helmet of intelligence.
 44285 | Vaults:5 | 44285 ||| DROPPING +1 hat.
 44286 | Vaults:5 | 44286 ||| DROPPING ring of protection from cold.
 44581 | Orc:2    | 44581 ||| BUYING potion of magic (88 gold).
 44581 | Orc:2    | Bought a potion of magic for 88 gold pieces
 44608 | Orc:2    | 44608 ||| BUYING potion of mutation (96 gold).
 44608 | Orc:2    | Bought a potion of mutation for 96 gold pieces
 44608 | Orc:2    | 44608 ||| BUYING potion of mutation (96 gold).
 44608 | Orc:2    | Bought a potion of mutation for 96 gold pieces
 44608 | Orc:2    | 44608 ||| BUYING potion of mutation (96 gold).
 44608 | Orc:2    | Bought a potion of mutation for 96 gold pieces
 44847 | Snake:4  | 44847 ||| BUYING scroll of enchant weapon (150 gold).
 44847 | Snake:4  | Bought a scroll of enchant weapon for 150 gold pieces
 44847 | Snake:4  | 44847 ||| READING scroll of enchant weapon.
 44847 | Snake:4  | 44847 ||| ENCHANTING +6 vampiric war axe.
 44969 | Snake:1  | 44969 ||| BUYING +4 ring of protection (504 gold).
 44969 | Snake:1  | Bought a +4 ring of protection for 504 gold pieces
 44969 | Snake:1  | 44969 ||| BUYING +5 ring of evasion (504 gold).
 44969 | Snake:1  | Bought a +5 ring of evasion for 504 gold pieces
 44969 | Snake:1  | 44969 ||| BUYING ring "Piaceb" {rC+ rCorr Int+2 Dex-3} (446
                  | gold).
 44969 | Snake:1  | Bought the ring "Piaceb" {rC+ rCorr Int+2 Dex-3} for 446
                  | gold pieces
 44969 | Snake:1  | 44969 ||| UPGRADING to +4 ring of protection.
 44971 | Snake:1  | 44971 ||| UPGRADING to +5 ring of evasion.
 44973 | Snake:1  | 44973 ||| DROPPING ring of Talur {rN+ Dex+3 Slay+3}.
 44974 | Snake:1  | 44974 ||| DROPPING +4 ring of protection.
 45061 | Snake:4  | 45061 ||| BUYING ring of protection from fire (475 gold).
 45061 | Snake:4  | Bought a ring of protection from fire for 475 gold pieces
 45061 | Snake:4  | 45061 ||| DROPPING ring of fire.
 45062 | Snake:4  | 45062 ||| CLEARING SHOPPING LIST
 45062 | Snake:4  | 45062 ||| PLANNING ZOT:1-4
 45405 | Zot:1    | Entered Level 1 of the Realm of Zot
 45418 | Zot:1    | 45418 ||| INVOKING Heroism.
 45509 | Zot:1    | Reached XP level 24. HP: 168/168 MP: 30/30
 45544 | Zot:1    | 45544 ||| INVOKING Heroism.
 45579 | Zot:1    | Received a gift from Okawaru
 45776 | Zot:1    | 45776 ||| INVOKING Heroism.
 46042 | Zot:1    | 46042 ||| UPGRADING to ring of Bannolil {rPois rF+ Str+4
                  | Int-5 Dex+2}.
 46111 | Zot:2    | Found a transporter.
 46135 | Zot:2    | 46135 ||| INVOKING Heroism.
 46161 | Zot:2    | Reached skill level 23 in Fighting
 46241 | Zot:2    | 46241 ||| INVOKING Heroism.
 46258 | Zot:2    | Received a gift from Okawaru
 46295 | Zot:2    | Found a transporter.
 46312 | Zot:2    | Noticed qw's ghost (veteran MiHu)
 46390 | Zot:2    | Noticed a Killer Klown
 46522 | Zot:2    | Noticed a dread lich
 46522 | Zot:2    | 46522 ||| INVOKING Heroism.
 46523 | Zot:2    | Noticed a dread lich
 46523 | Zot:2    | Noticed a dread lich
 46523 | Zot:2    | Noticed a dread lich
 46523 | Zot:2    | Noticed a dread lich
 46529 | Zot:2    | Noticed a dread lich
 46545 | Zot:2    | Received a gift from Okawaru
 46545 | Zot:2    | Killed a dread lich
 46567 | Zot:2    | 46567 ||| Stepping ~*~*~tactically~*~*~ (hiding).
 46569 | Zot:2    | 46569 ||| INVOKING Heroism.
 46570 | Zot:2    | HP: 40/171 [something (7)]
 46571 | Zot:2    | 46571 ||| READING 17 scrolls of teleportation.
 46572 | Zot:2    | 46572 ||| DRINKING 10 potions of heal wounds.
 46575 | Zot:2    | Killed a dread lich
 46584 | Zot:2    | Killed from afar by a Hell Sentinel

Levels and vault maps discovered:
D:1:      dreamdust_arrival_beginning_and_end, layout_basic
D:2:      layout_basic, basic_altar, uniq_natasha
D:3:      layout_loops_corners, makhleb_altar_promises_db
D:4:      layout_rooms, serial_bayou, serial_bayou_pond_d, serial_bayou_lake_a,
          serial_bayou_pond_c, serial_bayou_pond_a, serial_bayou_crossing
D:5:      layout_gridville, temple_hall
D:6:      layout_basic, nicolae_wu_jian_wuxing_cycle,
          mainiacjoe_overflow_catwalk, gup_sewer_entry_bowl, uniq_duvessa
D:7:      layout_basic, nicolae_dithmenos_shadow_blocks,
          minmay_tree_intersection, hangedman_decor_growths, minivault_5,
          uniq_maggie
D:8:      layout_loops_ring, gammafunk_ghost_grave, nicolae_shop_self_help
D:9:      layout_irregular_city, due_lair_maze_entry_diamond, orc_0_dummy,
          serial_shops, nicolae_shop_rolled_up, uniq_psyche
D:10:     layout_long_grid, minitemple, serial_shops, shop, shop,
          nicolae_shop_behind_doors, uniq_grum
D:11:     layout_basic
D:12:     layout_cross, zin_scriptorium, uniq_azrael
D:13:     layout_roguey, erik_vaults_1, st_stairs_9, uniq_kirke, uniq_lodul
D:14:     layout_roguey, nicolae_uskayaw_en_pointe
D:15:     hangedman_depths_entry_civil_slaughter, layout_irregular_city,
          gammafunk_ghost_stat_death, ebering_dispersal_statue_hall
Lair:1:   layout_long_grid
Lair:2:   layout_roguey, nicolae_shoals_entry_flooding,
          gammafunk_ghost_hydra_chop, grunt_megastairs_2
Lair:3:   layout_gridlike, minmay_snake_entry_guardpost_small,
          portal_ice_cave_entry_ice_simulacra, kennysheep_basilisk_garden
Lair:4:   layout_cave_pods, dpeg_slime_entry_enclosed,
          lightli_volcano_entry_magma_tube, grunt_megastairs_1,
          infiniplex_staircase_pool, uniq_josephine, uniq_urug
Lair:5:   grunt_lair_end_beastmaster, layout_cave_shapes
Shoals:1: layout_shoals, serial_shops, shop, uniq_roxanne
Shoals:2: cheibrodos_shoals_gigantism, layout_shoals, serial_shops,
          nicolae_shop_real_fake_doors, nicolae_shop_back_alley_shop, shop,
          uniq_ilsuiw, uniq_polyphemus, uniq_aizul
Shoals:3: layout_shoals
Shoals:4: shoals_end_grunt_ice, layout_shoals, nicolae_shoals_spectral_cove
Snake:1:  nicolae_snake_nest, layout_rooms, serial_shops,
          nicolae_shop_gaudy_bauble, uniq_agnes
Snake:2:  layout_grid_maze, serial_bayou_pond_d, nicolae_snake_gridmaze_big_u,
          st_stairs_9
Snake:3:  layout_rooms, serial_shops, shop, nicolae_stop_n_shop_1,
          nicolae_shop_stone, nicolae_shop_back_alley_shop
Snake:4:  snake_pit_salamanders_mu, layout_cave_shapes, serial_shops,
          nicolae_shop_rolled_up, minmay_shop_grove
Orc:1:    nicolae_orc_accident_3, layout_caves
Orc:2:    st_orc_mages, layout_caves, serial_shops, shop, shop,
          nicolae_shop_crystal, basic_altar, nicolae_orc_stony_grotto,
          okawaru_metal_pillars_1_2
Vaults:1: nicolae_vaults_display_case, hangedman_vaults_impose,
          nicolae_vaults_steering_wheel, v_alt_pattern_2, v_pattern_4,
          nicolae_vaults_big_angled_halls, nicolae_vaults_closet_pinwheel_5,
          nicolae_vaults_asterisk, nicolae_vaults_more_shelving_2, v_rooms_4,
          nicolae_vaults_little_squares_2, nicolae_vaults_variable_pillar_hall,
          layout_vaults_maze_bifur
Vaults:2: vaults_dpeg_emergency_exit, grunt_vaults_funnel,
          hangedman_vaults_river_flow, v_misc_4, nicolae_vaults_three_branches,
          vaults_mumra_hexcomb, vaults_dpeg_cross, layout_vaults_quadrants,
          serial_shops, shop
Vaults:3: v_misc_29, nicolae_vaults_inception_corners,
          nicolae_vaults_inception_statues, nicolae_vaults_trapezoid_3,
          minmay_crypt_entry_simple_sparse, vaults_room_door_ring,
          nicolae_vaults_storage_closets_1, vaults_room_corners,
          v_alt_pattern_6, v_misc_24, ontoclasm_vaults_eye,
          nicolae_vaults_diagonal_hallway_9, nicolae_vaults_bisected_inception,
          layout_vaults_omnibox, serial_shops, nicolae_square_shop, uniq_zenata
Vaults:4: gammafunk_ghost_grave, nicolae_vaults_tetromino_T_1,
          nicolae_vaults_tetromino_L_2, v_pattern_3,
          nicolae_vaults_shipping_containers_4, nicolae_vaults_tetromino_Z_1,
          nicolae_vaults_mitosis, nicolae_vaults_two_Ls,
          vaults_room_stairs_pillars, v_alt_pattern_3,
          nicolae_vaults_trapezoid_lopsided_4, nicolae_vaults_little_squares_2,
          vaults_dpeg_encased_lava, nicolae_vaults_apartment_2,
          layout_vaults_big_room, serial_shops, shop, uniq_margery, uniq_boris
Vaults:5: serial_shops
Depths:1: layout_cave_pools, rand_demon_pan_entry_1, hell_entry,
          nicolae_benzene_ring, nicolae_rare_books, nicolae_danse_macabre
Depths:2: vault_1, layout_cave_pools, pan_entry, pf_hell_entry_tar_river,
          minmay_curled_crystal, evilmike_minifort, infiniplex_staircase_trident
Depths:3: regret_index_uskayaw_diablada_macabre, layout_gridlike,
          enter_ziggurat_f, pan_entry, pf_coc_iceberg,
          gammafunk_ghost_tricky_traps, hangedman_abyss_entry_splay,
          kennysheep_generic_room_7
Depths:4: evilmike_zot_entry_diamond, layout_gridlike, lemuel_tele_altar,
          hell_entry, pan_entry
Zot:1:    layout_gridville
Zot:2:    hellmonk_paralyzer, layout_misc_corridors,
          gammafunk_ghost_abyssal_escape

Skill      XL: |  1  2  3  4  5  6  7  8  9 10 11 12 13 14 15 16 17 18 19 20 21 22 23 24 |
---------------+-------------------------------------------------------------------------+-----
Axes           | 2 3 4 5 6 8 10 11 12 14 15 16 | 16.0
Dodging        | 1 2 3 4 8 9 |  9.0
Throwing       | 1 2 4 6 8 9 10 13 | 13.0
Fighting       | 4 6 7 8 9 10 11 12 14 15 18 20 21 22 23 | 23.3
Invocations    | 2 4 5 9 10 | 10.0
Shields        | 4 5 6 7 8 13 14 15 16 19 20 21 22 | 22.0
Armour         | 4 5 7 9 10 11 13 14 15 17 19 21 22 | 22.0

Action                     |  1- 3 |  4- 6 |  7- 9 | 10-12 | 13-15 | 16-18 | 19-21 | 22-24 || total
---------------------------+-------+-------+-------+-------+-------+-------+-------+-------++-------
  Melee: War axe           |    80 |   125 |   317 |   629 |  1060 |  1841 |  1861 |  1420 ||  7333
         Morningstar       |       |       |       |    12 |       |       |       |       ||    12
         Eveningstar       |       |       |       |       |     8 |       |       |       ||     8
  Throw: Javelin           |       |     6 |    26 |    31 |   144 |   109 |   134 |   138 ||   588
         Boomerang         |       |       |       |       |    95 |    15 |    10 |     1 ||   121
 Invoke: Heroism           |       |       |     7 |    19 |    25 |    47 |    20 |    35 ||   153
         Finesse           |       |       |       |     2 |     7 |     6 |    11 |    11 ||    37
    Use: Scroll            |     4 |    10 |     5 |    11 |     4 |     5 |     6 |     8 ||    53
         Potion            |       |     1 |     2 |       |       |     2 |     3 |     3 ||    11
   Stab: Petrified         |       |       |       |       |     8 |     7 |       |     5 ||    20
         Petrifying        |       |       |       |       |     1 |     2 |       |     2 ||     5
         Confused          |       |       |       |       |       |       |       |     3 ||     3
 Armour: Scale mail        |    32 |    20 |       |       |       |       |       |       ||    52
         Chain mail        |       |    39 |   158 |    79 |       |   402 |   135 |       ||   813
         Plate armour      |       |       |       |   245 |   451 |   255 |   739 |   126 ||  1816
         Crystal plate arm |       |       |       |       |       |       |       |   641 ||   641
  Dodge: Dodged            |    38 |    43 |   118 |   246 |   478 |   866 |   761 |   533 ||  3083
  Block: Buckler           |    10 |    29 |    49 |   124 |   135 |       |       |       ||   347
         Kite shield       |       |       |       |       |   219 |  1196 |    74 |       ||  1489
         Tower shield      |       |       |       |       |       |       |  1902 |  1254 ||  3156

Table legend:
 A = Non-vault XP
 B = Vault XP
 C = Vault XP percentage of total XP
 D = Non-vault monster count
 E = Vault monster count
 F = Vault count percentage of total count
                 A         B        C        D         E       F
            +---------+---------+-------+---------+---------+-------
      Total |  506341 |  387049 |  43.3 |    1080 |     532 |  33.0
            +---------+---------+-------+---------+---------+-------
        D:1 |      31 |       0 |   0.0 |      18 |       0 |   0.0
        D:2 |     121 |      35 |  22.4 |      19 |       1 |   5.0
        D:3 |      27 |       0 |   0.0 |      10 |       0 |   0.0
        D:4 |     151 |       0 |   0.0 |       9 |       0 |   0.0
        D:5 |     846 |       0 |   0.0 |      15 |       0 |   0.0
        D:6 |    1113 |     207 |  15.7 |      19 |       5 |  20.8
        D:7 |    1122 |     370 |  24.8 |      11 |       1 |   8.3
        D:8 |    2908 |       0 |   0.0 |      29 |       0 |   0.0
        D:9 |    2054 |    1931 |  48.5 |      29 |      11 |  27.5
       D:10 |    1904 |     650 |  25.5 |      16 |       5 |  23.8
       D:11 |    5358 |       0 |   0.0 |      26 |       0 |   0.0
       D:12 |    7132 |    1551 |  17.9 |      27 |       5 |  15.6
       D:13 |   10298 |    7218 |  41.2 |      22 |      20 |  47.6
       D:14 |    9808 |       0 |   0.0 |      27 |       0 |   0.0
       D:15 |   17020 |    3840 |  18.4 |      39 |       5 |  11.4
     Lair:1 |    4045 |       0 |   0.0 |      19 |       0 |   0.0
     Lair:2 |    8342 |    1014 |  10.8 |      25 |       3 |  10.7
     Lair:3 |    2955 |    1497 |  33.6 |      13 |       9 |  40.9
     Lair:4 |    9147 |    3309 |  26.6 |      37 |       8 |  17.8
     Lair:5 |   25758 |    9266 |  26.5 |      60 |      17 |  22.1
   Shoals:1 |   20636 |    1290 |   5.9 |      44 |       1 |   2.2
   Shoals:2 |   13246 |   14291 |  51.9 |      29 |      16 |  35.6
   Shoals:3 |    7635 |       0 |   0.0 |      17 |       0 |   0.0
   Shoals:4 |    6557 |   23856 |  78.4 |      13 |      35 |  72.9
    Snake:1 |   17141 |    1407 |   7.6 |      34 |       1 |   2.9
    Snake:2 |    8270 |     608 |   6.8 |      13 |       2 |  13.3
    Snake:3 |   14506 |       0 |   0.0 |      26 |       0 |   0.0
    Snake:4 |   17868 |   35030 |  66.2 |      39 |      54 |  58.1
      Orc:1 |    6041 |     282 |   4.5 |      26 |       6 |  18.8
      Orc:2 |    1375 |    4439 |  76.4 |      21 |      31 |  59.6
   Vaults:1 |    5811 |   31380 |  84.4 |      13 |      35 |  72.9
   Vaults:2 |   31614 |   11491 |  26.7 |      45 |      16 |  26.2
   Vaults:3 |   27798 |   24154 |  46.5 |      43 |      29 |  40.3
   Vaults:4 |   13542 |   20465 |  60.2 |      20 |      22 |  52.4
   Vaults:5 |   23026 |   96710 |  80.8 |      30 |      86 |  74.1
   Depths:1 |   28324 |    8393 |  22.9 |      34 |      11 |  24.4
   Depths:2 |   40084 |   43327 |  51.9 |      45 |      48 |  51.6
   Depths:3 |   25527 |   11298 |  30.7 |      30 |      13 |  30.2
   Depths:4 |   32307 |   12905 |  28.5 |      39 |      10 |  20.4
      Zot:1 |   32503 |       0 |   0.0 |      29 |       0 |   0.0
      Zot:2 |   22390 |   14408 |  39.2 |      20 |       6 |  23.1
      Sewer |       0 |     427 | 100.0 |       0 |      20 | 100.0
            +---------+---------+-------+---------+---------+-------
